Workbook
Name \0: #REF!
Name \00: #REF!
Name \a: #REF!
Name \AA: [1]LIQUIDACION!#REF!
Name \b: [2]STRSUMM0!#REF!
Name \bb: [2]STRSUMM0!#REF!
Name \E: #REF!
Name \EE: #REF!
Name \G: #REF!
Name \k: '[3]7422CW00'!#REF!
Name \l: [4]STRSUMM0!#REF!
Name \M: #REF!
Name \ñ: '[5]7422CW00'!#REF!
Name \P: #REF!
Name \R: #REF!
Name \s: #REF!
Name \V: #REF!
Name \X: 'PRESUPUESTO OFICIAL (Entidad)'!ERR
Name \Z: 'PRESUPUESTO OFICIAL (Entidad)'!ERR
Name _________AFC1: [6]INV!$A$25:$D$28
Name _________AFC3: [6]INV!$F$25:$I$28
Name _________AFC5: [6]INV!$K$25:$N$28
Name _________BGC1: [6]INV!$A$5:$D$8
Name _________BGC3: [6]INV!$F$5:$I$8
Name _________BGC5: [6]INV!$K$5:$N$8
Name _________CAC1: [6]INV!$A$19:$D$22
Name _________CAC3: [6]INV!$F$19:$I$22
Name _________CAC5: [6]INV!$K$19:$N$22
Name _________PJ50: #REF!
Name _________SBC1: [6]INV!$A$12:$D$15
Name _________SBC3: [6]INV!$F$12:$I$15
Name _________SBC5: [6]INV!$K$12:$N$15
Name ________AFC1: [6]INV!$A$25:$D$28
Name ________AFC3: [6]INV!$F$25:$I$28
Name ________AFC5: [6]INV!$K$25:$N$28
Name ________BGC1: [6]INV!$A$5:$D$8
Name ________BGC3: [6]INV!$F$5:$I$8
Name ________BGC5: [6]INV!$K$5:$N$8
Name ________CAC1: [6]INV!$A$19:$D$22
Name ________CAC3: [6]INV!$F$19:$I$22
Name ________CAC5: [6]INV!$K$19:$N$22
Name ________MA2: #REF!
Name ________PJ50: #REF!
Name ________SBC1: [6]INV!$A$12:$D$15
Name ________SBC3: [6]INV!$F$12:$I$15
Name ________SBC5: [6]INV!$K$12:$N$15
Name _______AFC1: [6]INV!$A$25:$D$28
Name _______AFC3: [6]INV!$F$25:$I$28
Name _______AFC5: [6]INV!$K$25:$N$28
Name _______BGC1: [6]INV!$A$5:$D$8
Name _______BGC3: [6]INV!$F$5:$I$8
Name _______BGC5: [6]INV!$K$5:$N$8
Name _______CAC1: [6]INV!$A$19:$D$22
Name _______CAC3: [6]INV!$F$19:$I$22
Name _______CAC5: [6]INV!$K$19:$N$22
Name _______MA2: #REF!
Name _______PJ50: #REF!
Name _______SBC1: [6]INV!$A$12:$D$15
Name _______SBC3: [6]INV!$F$12:$I$15
Name _______SBC5: [6]INV!$K$12:$N$15

Sheet PRESUPUESTO OFICIAL (Entidad)
B1: Formulario 1 - Propuesta económica - Documento tipo de selección abreviada de menor cuantía - versión 1
B2: Versión: 1 del 21 de agosto de 2025
C5: FORMULARIO 1
C6: PRESUPUESTO OFICIAL
C7: [La entidad puede utilizar este formulario de detalle del presupuesto oficial para determinar las condiciones bajo las cuales los proponentes analizarán y presentarán su propuesta económica de forma detallada, sin perjuicio que la entidad pueda modificarlo o establecer la presentación de la oferta económica con un formulario distinto al indicado.]
C9: Adicionalmente, cuando el proceso de contratación es estructurado por precios unitarios, la Entidad debe aplicar las notas 1, 2 y 3 del presente formulario y las casillas de "Descripción", "Porcentaje" de la Administración, Imprevisto, Utilidad y total A.I.U. resaltadas en colo amarillo. Tratándose de otras modalidades de precio, la Entidad puede o no configurar los mismos aspectos.
C11: Nº | D11: ITEM DE PAGO | E11: ESPECIFICACIONES | G11: DESCRIPCION | H11: UND. | I11: CANTIDAD | J11: VALOR UNITARIO | K11: VALOR TOTAL
E12: GENERAL | F12: PARTICULAR
C13: =Hoja1!A3 -> 1. PRELIMINARES
C14: 1.1 | D14: =Hoja1!B4 -> 2.01.27 | G14: =Hoja1!C4 -> DEMOLICIÓN DE MESON EN CONCRETO. (INCLUYE RETIRO Y ACARREO LIBRE HASTA 5 KM.) | H14: =Hoja1!D4 -> M2 | I14: =Hoja1!E4 -> 7.5 | J14: =(Hoja1!F4*1.3) -> 48042.8 | K14: =ROUND(J14*I14,2) -> 360321
C15: 1.2 | D15: =Hoja1!B5 -> 2.01.70 | G15: =Hoja1!C5 -> EXCAVACION MANUAL EN MATERIAL COMUN | H15: =Hoja1!D5 -> M3 | I15: =Hoja1!E5 -> 2.2 | J15: =(Hoja1!F5*1.3) -> 91750.919 | K15: =ROUND(J15*I15,2) -> 201852.02
C16: Subtotal | K16: =SUM(K14:K15) -> 562173.02
C17: =Hoja1!A6 -> 2. CIMENTACION Y DESAGUES
C18: 2.1 | D18: =Hoja1!B7 -> 2.02.35 | G18: =Hoja1!C7 -> SUMINISTRO FIGURADA Y AMARRE DE ACERO 60000 PSI 420 MPa | H18: =Hoja1!D7 -> KG | I18: =Hoja1!E7 -> 123.6 | J18: =ROUND((Hoja1!F7+(Hoja1!F7*Hoja1!G7))*1.3,2) -> 10177.12 | K18: =ROUND(J18*I18,2) -> 1257892
C19: 2.2 | D19: =Hoja1!B8 -> 2.06.37 | G19: =Hoja1!C8 -> JUEGO MARCO Y TAPA (FUNDIDA) PARA CAJA DE INSPECCION 60X60 CM EN ÁNGULO DE 2 1/2" X 2 1/2" CAL. 3/16" CON MALLA DE REFUERZO EN VARILLA DE 3/8 | H19: =Hoja1!D8 -> UND | I19: =Hoja1!E8 -> 2 | J19: =ROUND((Hoja1!F8+(Hoja1!F8*Hoja1!G8))*1.3,2) -> 878035.38 | K19: =ROUND(J19*I19,2) -> 1756070.8
C20: 2.3 | D20: =Hoja1!B9 -> REF. 2.02.10 | G20: =Hoja1!C9 -> CONCRETO PARA ZAPATA DE 21 Mpa (3000 PSI) + FORMALETA MADERA | H20: =Hoja1!D9 -> M3 | I20: =Hoja1!E9 -> 0.44 | J20: =ROUND((Hoja1!F9+(Hoja1!F9*Hoja1!G9))*1.3,2) -> 1217853.8 | K20: =ROUND(J20*I20,2) -> 535855.67
C21: Subtotal | K21: =SUM(K18:K20) -> 3549818.5
C22: =Hoja1!A10 -> 3. ESTRUCTURA
C23: 3.1 | D23: =Hoja1!B11 -> 2.03.01 | G23: =Hoja1!C11 -> COLUMNAS Y PEDESTALES EN CONCRETO DE 21 MPa - (3000 PSI), H < 3.00 M. (FORMALETA MADERA) | H23: =Hoja1!D11 -> M3 | I23: =Hoja1!E11 -> 0.2 | J23: =ROUND((Hoja1!F11+(Hoja1!F11*Hoja1!G11))*1.3,2) -> 1507774.2 | K23: =ROUND(J23*I23,2) -> 301554.84
C24: Subtotal | K24: =K23 -> 301554.84
C25: =Hoja1!A12 -> 4. MAMPOSTERIA
C26: 4.1 | D26: =Hoja1!B13 -> 2.04.09 | G26: =Hoja1!C13 -> MESONES EN CONCRETO A = 0.60 M. 17.5 MPa - (2500 PSI) INCLUYE REFUERZO, E = 0.10 M. | H26: =Hoja1!D13 -> M2 | I26: =Hoja1!E13 -> 8.59 | J26: =ROUND((Hoja1!F13+(Hoja1!F13*Hoja1!G13))*1.3,2) -> 248692.35 | K26: =ROUND(J26*I26,2) -> 2136267.3
C27: 4.2 | D27: =Hoja1!B14 -> 2.04.16 | G27: =Hoja1!C14 -> MURO EN BLOQUE No.5 E=0.12 MTS | H27: =Hoja1!D14 -> M2 | I27: =Hoja1!E14 -> 9.73 | J27: =ROUND((Hoja1!F14+(Hoja1!F14*Hoja1!G14))*1.3,2) -> 85621.07 | K27: =ROUND(J27*I27,2) -> 833093.01
C28: 4.3 | D28: =Hoja1!B15 -> 2.04.30 | G28: =Hoja1!C15 -> MURO TOLETE COMUN E=0.10 mts. | H28: =Hoja1!D15 -> M2 | I28: =Hoja1!E15 -> 0.96 | J28: =ROUND((Hoja1!F15+(Hoja1!F15*Hoja1!G15))*1.3,2) -> 107551.22 | K28: =ROUND(J28*I28,2) -> 103249.17
C29: 4.4 | D29: =Hoja1!B16 -> 1.03.12 | G29: =Hoja1!C16 -> PAÑETE LISO MUROS 1:4 | H29: =Hoja1!D16 -> M2 | I29: =Hoja1!E16 -> 20.97 | J29: =ROUND((Hoja1!F16+(Hoja1!F16*Hoja1!G16))*1.3,2) -> 47495.29 | K29: =ROUND(J29*I29,2) -> 995976.23
C30: 4.5 | D30: =Hoja1!B17 -> 2.07.19 | G30: =Hoja1!C17 -> VINILO TIPO II SOBRE PAÑETE DOS MANOS EN MUROS | H30: =Hoja1!D17 -> M2 | I30: =Hoja1!E17 -> 320.08 | J30: =ROUND((Hoja1!F17+(Hoja1!F17*Hoja1!G17))*1.3,2) -> 13182.57 | K30: =ROUND(J30*I30,2) -> 4219477
C31: Subtotal | K31: =SUM(K26:K30) -> 8288062.7
C32: =Hoja1!A18 -> 5. INSTALACIONES HIDRAULICAS
C33: 5.1 | D33: =Hoja1!B19 -> 2.12.01 | G33: =Hoja1!C19 -> SUMINISTRO E INSTALACIÓN DE TUBERÍA PVC DE 1/2" T.P, PARA RED DE SUMINISTRO | H33: =Hoja1!D19 -> ML | I33: =Hoja1!E19 -> 8 | J33: =ROUND((Hoja1!F19+(Hoja1!F19*Hoja1!G19))*1.3,2) -> 10009.51 | K33: =ROUND(J33*I33,2) -> 80076.08
C34: 5.2 | D34: =Hoja1!B20 -> 2.12.09 | G34: =Hoja1!C20 -> SUMINISTRO E INSTALACIÓN DE SALIDA DE AGUA FRÍA EN TUBERÍA PVC DE 1/2" T.P. (PUNTO HIDRAULICO 1/2") | H34: =Hoja1!D20 -> UND | I34: =Hoja1!E20 -> 2 | J34: =ROUND((Hoja1!F20+(Hoja1!F20*Hoja1!G20))*1.3,2) -> 149055.63 | K34: =ROUND(J34*I34,2) -> 298111.26
C35: 5.3 | D35: =Hoja1!B21 -> 2.12.43 | G35: =Hoja1!C21 -> SUMINISTRO E INSTALACIÓN DE REGISTRO DE BOLA ROSCADO PVC DE 3/4" T.P. | H35: =Hoja1!D21 -> UND | I35: =Hoja1!E21 -> 2 | J35: =ROUND((Hoja1!F21+(Hoja1!F21*Hoja1!G21))*1.3,2) -> 39802.05 | K35: =ROUND(J35*I35,2) -> 79604.1
C36: 5.4 | D36: =Hoja1!B22 -> 2.12.166 | G36: =Hoja1!C22 -> SUMINISTRO E INSTALACIÓN DE TANQUE DE ALMACENAMIENTO DE 500L (INCLUYE CONECTOR DE ENTRADA Y SALIDA)(NO INCLUYE FLOTADOR) | H36: =Hoja1!D22 -> UND | I36: =Hoja1!E22 -> 2 | J36: =ROUND((Hoja1!F22+(Hoja1!F22*Hoja1!G22))*1.3,2) -> 698151.01 | K36: =ROUND(J36*I36,2) -> 1396302
C37: 5.5 | D37: =Hoja1!B23 -> 2.12.170 | G37: =Hoja1!C23 -> SUMINISTRO E INSTALACIÓN DE VÁLVULA CON FLOTADOR PARA TANQUE ELEVADO 1/2", CON FLOTADOR EN BOLA PLÁSTICA | H37: =Hoja1!D23 -> UND | I37: =Hoja1!E23 -> 2 | J37: =ROUND((Hoja1!F23+(Hoja1!F23*Hoja1!G23))*1.3,2) -> 118171.62 | K37: =ROUND(J37*I37,2) -> 236343.24
C38: 5.6 | D38: =Hoja1!B24 -> 2.12.167 | G38: =Hoja1!C24 -> SUMINISTRO E INSTALACIÓN DE TANQUE DE ALMACENAMIENTO DE 1000 L (INCLUYE CONECTOR DE ENTRADA Y SALIDA) (NO INCLUYE FLOTADOR) | H38: =Hoja1!D24 -> UND | I38: =Hoja1!E24 -> 1 | J38: =ROUND((Hoja1!F24+(Hoja1!F24*Hoja1!G24))*1.3,2) -> 1326357.6 | K38: =ROUND(J38*I38,2) -> 1326357.6
C39: Subtotal | K39: =SUM(K33:K38) -> 3416794.3
C40: =Hoja1!A25 -> 6. INSTALACIONES SANITARIAS
C41: 6.1 | D41: =Hoja1!B26 -> 2.02.32 | G41: =Hoja1!C26 -> SUMINISTRO E INSTALACION TUBERIA PVC SANITARIA D= 3" | H41: =Hoja1!D26 -> ML | I41: =Hoja1!E26 -> 15 | J41: =ROUND((Hoja1!F26+(Hoja1!F26*Hoja1!G26))*1.3,2) -> 49473.97 | K41: =ROUND(J41*I41,2) -> 742109.55
C42: 6.2 | D42: =Hoja1!B27 -> 5.01.11 | G42: =Hoja1!C27 -> PUNTO DE DESAGUES D=2" | H42: =Hoja1!D27 -> UND | I42: =Hoja1!E27 -> 4 | J42: =ROUND((Hoja1!F27+(Hoja1!F27*Hoja1!G27))*1.3,2) -> 109559.42 | K42: =ROUND(J42*I42,2) -> 438237.68
C43: 6.3 | D43: =Hoja1!B28 -> 2.02.33 | G43: =Hoja1!C28 -> SUMINISTRO E INSTALACIÓN DE TUBERÍA PVC SANITARIA D = 4" | H43: =Hoja1!D28 -> ML | I43: =Hoja1!E28 -> 35 | J43: =ROUND((Hoja1!F28+(Hoja1!F28*Hoja1!G28))*1.3,2) -> 69034.16 | K43: =ROUND(J43*I43,2) -> 2416195.6
C44: Subtotal | K44: =SUM(K41:K43) -> 3596542.8
C45: =Hoja1!A29 -> 7. BASES Y PISOS
C46: 7.1 | D46: =Hoja1!B30 -> 2.05.04 | G46: =Hoja1!C30 -> ALISTADO PISO 1:5 E= 4.0 CM. | H46: =Hoja1!D30 -> M2 | I46: =Hoja1!E30 -> 117.4 | J46: =ROUND((Hoja1!F30+(Hoja1!F30*Hoja1!G30))*1.3,2) -> 43977.55 | K46: =ROUND(J46*I46,2) -> 5162964.4
C47: 7.2 | D47: =Hoja1!B31 -> 2.05.25 | G47: =Hoja1!C31 -> PLACA BASE EN CONCRETO E= 8 CM 2500 PSI | H47: =Hoja1!D31 -> M2 | I47: =Hoja1!E31 -> 4.5 | J47: =ROUND((Hoja1!F31+(Hoja1!F31*Hoja1!G31))*1.3,2) -> 98765.51 | K47: =ROUND(J47*I47,2) -> 444444.8
C48: 7.3 | D48: =Hoja1!B32 -> 3.13.24 | G48: =Hoja1!C32 -> SUMINISTRO E INSTALACIÓN DE MALLA ELECTROSOLDADA | H48: =Hoja1!D32 -> KG | I48: =Hoja1!E32 -> 5.64 | J48: =ROUND((Hoja1!F32+(Hoja1!F32*Hoja1!G32))*1.3,2) -> 9843.99 | K48: =ROUND(J48*I48,2) -> 55520.1
C49: Subtotal | K49: =SUM(K46:K48) -> 5662929.3
C50: =Hoja1!A33 -> 8. CUBIERTA
C51: 8.1 | D51: =Hoja1!B34 -> 2.08.21 | G51: =Hoja1!C34 -> SUMINISTRO E INSTALACIÓN CUBIERTA EN TEJA FIBROCEMENTO NUMERO 8 | H51: =Hoja1!D34 -> M2 | I51: =Hoja1!E34 -> 20.08 | J51: =ROUND((Hoja1!F34+(Hoja1!F34*Hoja1!G34))*1.3,2) -> 88314.53 | K51: =ROUND(J51*I51,2) -> 1773355.8
C52: Subtotal | K52: =K51 -> 1773355.8
C53: =Hoja1!A35 -> 9. INSTALACIONES ELECTRICAS
C54: 9.1 | D54: =Hoja1!B36 -> 2.10.115 | G54: =Hoja1!C36 -> SUMINISTRO E INSTALACIÓN DE SALIDA COMPLETA PARA TOMACORRIENTE MONOFÁSICO TIPO GFCI, EN CALIBRE 12 AWG (F, N, T) Y DUCTO PVC DE 1/2". (INCLUYE APARATO). | H54: =Hoja1!D36 -> UND | I54: =Hoja1!E36 -> 2 | J54: =ROUND((Hoja1!F36+(Hoja1!F36*Hoja1!G36))*1.3,2) -> 225441.26 | K54: =ROUND(J54*I54,2) -> 450882.52
C55: 9.2 | D55: =Hoja1!B37 -> 2.10.136 | G55: =Hoja1!C37 -> SUMINISTRO E INSTALACIÓN DE SALIDA COMPLETA PARA INTERRUPTOR SENCILLO EN CALIBRE 12 AWG Y DUCTO PVC 1/2 " (INCLUYE APARATO) | H55: =Hoja1!D37 -> UND | I55: =Hoja1!E37 -> 1 | J55: =ROUND((Hoja1!F37+(Hoja1!F37*Hoja1!G37))*1.3,2) -> 131761.32 | K55: =ROUND(J55*I55,2) -> 131761.32
C56: 9.3 | D56: =Hoja1!B38 -> 2.10.180 | G56: =Hoja1!C38 -> SUMINISTRO E INSTALACIÓN DE PANEL LED REDONDO DE SOBREPONER DE 24 W | H56: =Hoja1!D38 -> UND | I56: =Hoja1!E38 -> 5 | J56: =ROUND((Hoja1!F38+(Hoja1!F38*Hoja1!G38))*1.3,2) -> 50468.34 | K56: =ROUND(J56*I56,2) -> 252341.7
C57: 9.4 | D57: =Hoja1!B39 -> 2.10.179 | G57: =Hoja1!C39 -> SUMINISTRO E INSTALACIÓN DE PANEL LED REDONDO DE INCRUSTAR DE 24 W | H57: =Hoja1!D39 -> UND | I57: =Hoja1!E39 -> 10 | J57: =ROUND((Hoja1!F39+(Hoja1!F39*Hoja1!G39))*1.3,2) -> 56196.93 | K57: =ROUND(J57*I57,2) -> 561969.3
C58: Subtotal | K58: =SUM(K54:K57) -> 1396954.8
C59: =Hoja1!A40 -> 10. ACABADOS Y APARATOS
C60: 10.1 | D60: =Hoja1!B41 -> 2.05.19 | G60: =Hoja1!C41 -> PISOS EN CERAMICA | H60: =Hoja1!D41 -> M2 | I60: =Hoja1!E41 -> 125.8 | J60: =ROUND((Hoja1!F41+(Hoja1!F41*Hoja1!G41))*1.3,2) -> 121097.75 | K60: =ROUND(J60*I60,2) -> 15234097
C61: 10.2 | D61: =Hoja1!B42 -> 2.05.19 | G61: =Hoja1!C42 -> SUMINISTRO E INSTALACION DE ENCHAPE PARED EN CERAMICA | H61: =Hoja1!D42 -> M2 | I61: =Hoja1!E42 -> 16.63 | J61: =ROUND((Hoja1!F42+(Hoja1!F42*Hoja1!G42))*1.3,2) -> 121097.75 | K61: =ROUND(J61*I61,2) -> 2013855.6
C62: 10.3 | D62: =Hoja1!B43 -> 2.06.15 | G62: =Hoja1!C43 -> SUMINISTRO E INSTALACIÓN DE REMATE BOCEL DE ALUMINIO "WIN" | H62: =Hoja1!D43 -> ML | I62: =Hoja1!E43 -> 9.5 | J62: =ROUND((Hoja1!F43+(Hoja1!F43*Hoja1!G43))*1.3,2) -> 27307.67 | K62: =ROUND(J62*I62,2) -> 259422.87
C63: 10.4 | D63: =Hoja1!B44 -> 2.09.01 | G63: =Hoja1!C44 -> SUMINISTRO E INSTALACIÓN DE CIELO RASO EN PVC DE 7 MM. | H63: =Hoja1!D44 -> M2 | I63: =Hoja1!E44 -> 135.8 | J63: =ROUND((Hoja1!F44+(Hoja1!F44*Hoja1!G44))*1.3,2) -> 103461.12 | K63: =ROUND(J63*I63,2) -> 14050020
C64: 10.5 | D64: =Hoja1!B45 -> REF. 2.05.19 | G64: =Hoja1!C45 -> SUMINISTRO E INSTALACIÓN DE GUARDAESCOBA EN CERÁMICA PARA PISO H= 0.075 m | H64: =Hoja1!D45 -> ML | I64: 77.061082 | J64: =ROUND((Hoja1!F45+(Hoja1!F45*Hoja1!G45))*1.3,2) -> 31841.24 | K64: =ROUND(J64*I64,2) -> 2453720.4
C65: Subtotal | K65: =SUM(K60:K64) -> 34011116
C66: =Hoja1!A46 -> 11. CARPINTERIAS
C67: 11.1 | D67: =Hoja1!B47 -> 2.15.05 | G67: =Hoja1!C47 -> SUMINISTRO E INSTALACIÓN DE MARCO EN LÁMINA 0.80 < A < 1.00 M. CAL. 18 INC. (INCLUYE ANTICORROSIVO). | H67: =Hoja1!D47 -> UND | I67: =Hoja1!E47 -> 2 | J67: =ROUND((Hoja1!F47+(Hoja1!F47*Hoja1!G47))*1.3,2) -> 296211.12 | K67: =ROUND(J67*I67,2) -> 592422.24
C68: 11.2 | D68: =Hoja1!B48 -> 2.15.06 | G68: =Hoja1!C48 -> SUMINISTRO E INSTALACIÓN DE PUERTA EN LÁMINA CAL. 18. (INCLUYE ANTICORROSIVO). (NO INCLUYE CERRADURA). | H68: =Hoja1!D48 -> M2 | I68: =Hoja1!E48 -> 3.2 | J68: =ROUND((Hoja1!F48+(Hoja1!F48*Hoja1!G48))*1.3,2) -> 352362.38 | K68: =ROUND(J68*I68,2) -> 1127559.6
C69: 11.3 | D69: =Hoja1!B49 -> 2.15.12 | G69: =Hoja1!C49 -> SUMINSITRO E INSTALACIÓN DE VENTANA EN LÁMINA COLD ROLLED CAL.18 CON VIDRIO. (INCLUYE ANTICORROSIVO). | H69: =Hoja1!D49 -> M2 | I69: =Hoja1!E49 -> 3.3 | J69: =ROUND((Hoja1!F49+(Hoja1!F49*Hoja1!G49))*1.3,2) -> 368608.07 | K69: =ROUND(J69*I69,2) -> 1216406.6
C70: 11.4 | D70: =Hoja1!B50 -> 2.17.05 | G70: =Hoja1!C50 -> SUMINISTRO E INSTALACIÓN DE CERRADURA DOBLE CILINDRO TIPO YALE 105 O SIMILAR | H70: =Hoja1!D50 -> UND | I70: =Hoja1!E50 -> 2 | J70: =ROUND((Hoja1!F50+(Hoja1!F50*Hoja1!G50))*1.3,2) -> 183036.57 | K70: =ROUND(J70*I70,2) -> 366073.14
C71: 11.5 | D71: =Hoja1!B51 -> 2.17.09 | G71: =Hoja1!C51 -> SUMINISTRO E INSTALACIÓN DE VIDRIO CRUDO INCOLORO DE 5.0 MM. | H71: =Hoja1!D51 -> M2 | I71: =Hoja1!E51 -> 3.8 | J71: =ROUND((Hoja1!F51+(Hoja1!F51*Hoja1!G51))*1.3,2) -> 131764.33 | K71: =ROUND(J71*I71,2) -> 500704.45
C72: 11.6 | D72: =Hoja1!B52 -> 2.15.09 | G72: =Hoja1!C52 -> SUMINISTRO E INSTALACIÓN DE REJA TIPO BANCARIA EN VARILLA CUADRADA. ( INCLUYE ANTICORROSIVO). | H72: =Hoja1!D52 -> M2 | I72: =Hoja1!E52 -> 0.96 | J72: =ROUND((Hoja1!F52+(Hoja1!F52*Hoja1!G52))*1.3,2) -> 216141.32 | K72: =ROUND(J72*I72,2) -> 207495.67
C73: Subtotal | K73: =SUM(K67:K72) -> 4010661.8
C74: =Hoja1!A53 -> 12.APARATOS SANITARIOS
C75: 12.1 | D75: =Hoja1!B54 -> 2.12.199 | G75: =Hoja1!C54 -> SUMINISTRO E INSTALACIÓN LAVAPLATOS ACERO INOXIDABLE 0.50 X 0.35 M | H75: =Hoja1!D54 -> UND | I75: =Hoja1!E54 -> 3 | J75: =ROUND((Hoja1!F54+(Hoja1!F54*Hoja1!G54))*1.3,2) -> 210874.19 | K75: =ROUND(J75*I75,2) -> 632622.57
C76: 12.2 | D76: =Hoja1!B55 -> 2.12.183 | G76: =Hoja1!C55 -> SUMINISTRO E INSTALACIÓN DE GRIFERÍA COMPLETA CON LLAVE TIPO GANSO | H76: =Hoja1!D55 -> UND | I76: =Hoja1!E55 -> 2 | J76: =ROUND((Hoja1!F55+(Hoja1!F55*Hoja1!G55))*1.3,2) -> 178510.24 | K76: =ROUND(J76*I76,2) -> 357020.48
C77: Subtotal | K77: =SUM(K75:K76) -> 989643.05
C78: =Hoja1!A56 -> 13.ESTRUCTURAS DE CONCRETO
C79: 13.1 | D79: =Hoja1!B57 -> 2.03.26 | G79: =Hoja1!C57 -> PLACA MACIZA EN CONCRETO DE 21 MPa - (3000 PSI) E = 0.10 M. | H79: =Hoja1!D57 -> M2 | I79: =Hoja1!E57 -> 2 | J79: =ROUND((Hoja1!F57+(Hoja1!F57*Hoja1!G57))*1.3,2) -> 215805.01 | K79: =ROUND(J79*I79,2) -> 431610.02
C80: Subtotal | K80: =K79 -> 431610.02
C81: =Hoja1!A58 -> 14.PINTURAS Y ESMALTES
C82: 14.1 | D82: =Hoja1!B59 -> 2.07.01 | G82: =Hoja1!C59 -> SUMINISTRO E INSTALACIÓN DE ESMALTE LÁMINA LINEAL 3 MANOS | H82: =Hoja1!D59 -> ML | I82: =Hoja1!E59 -> 68.2 | J82: =ROUND((Hoja1!F59+(Hoja1!F59*Hoja1!G59))*1.3,2) -> 10908.79 | K82: =ROUND(J82*I82,2) -> 743979.48
C83: 14.2 | D83: =Hoja1!B60 -> 2.07.18 | G83: =Hoja1!C60 -> SUMINISTRO E INSTALACIÓN DE VINILO TIPO II SOBRE PAÑETE O ESTUCO A DOS MANOS BAJO PLACA | H83: =Hoja1!D60 -> M2 | I83: =Hoja1!E60 -> 51.97 | J83: =ROUND((Hoja1!F60+(Hoja1!F60*Hoja1!G60))*1.3,2) -> 24885.21 | K83: =ROUND(J83*I83,2) -> 1293284.4
C84: Subtotal | K84: =SUM(K82:K83) -> 2037263.8
C85: =Hoja1!A61 -> 15. INSTALACIONES HIDRÁULICAS Y SANITARIAS
C86: 15.1 | D86: =Hoja1!B62 -> 2.12.03 | G86: =Hoja1!C62 -> SUMINISTRO E INSTALACIÓN DE TUBERÍA PVC DE 1" T.P. PARA RED DE SUMINISTRO. | H86: =Hoja1!D62 -> ML | I86: =Hoja1!E62 -> 2 | J86: =ROUND((Hoja1!F62+(Hoja1!F62*Hoja1!G62))*1.3,2) -> 17851.71 | K86: =ROUND(J86*I86,2) -> 35703.42
C87: Subtotal | K87: =K86 -> 35703.42
C88: SUBTOTAL OBRAS | K88: =K87+K84+K80+K77+K73+K65+K58+K52+K49+K44+K39+K31+K24+K21+K16 -> 70064184
G93: SUBTOTAL OBRAS (INCLUYE IVA) | K93: =K88 -> 70064184
G97: VALOR TOTAL | K97: =K93 -> 70064184
C100: NOTA 1: Se debe tener en cuenta que el PRECIO UNITARIO incluye el valor de A.I.U. | H100: DESCRIPCION | K100: PORCENTAJE
C101: NOTA 2: Cuando la fracción decimal del peso sea igual o superior a 5 se aproximara por exceso al número entero siguiente del peso y cuando la fracción decimal del peso sea inferior a 5 se aproximará por defecto al número entero del peso. | H101: ADMINISTRACION | J101: A= | K101: 0.24
C102: NOTA 3: El A.I.U y su discriminación deben estar en porcentaje (%). | H102: IMPREVISTO | J102: I= | K102: 0.01
H103: UTILIDAD | J103: U= | K103: 0.05
H104: TOTAL A.I.U | J104: A.I.U.= | K104: =K103+K102+K101 -> 0.3

Sheet Hoja1
A1: PRESUPUESTO GENERAL | P1: ESCUELA EL CARMEN | R1: ESCUELA DE SAN FRANCISCO | T1: ESCUELA LA ESPERANZA | V1: ESCUELA EL ROBLE | X1: ESCUELA INTEGRADO MIXTA
A2: ITEM | B2: ITEM GOBER | C2: DESCRIPCIÓN | D2: UNIDAD | E2: CANT | F2: VR UNIT | G2: INC. DIST. | H2: VR TOTAL | I2: VALOR CON EL INCREMENTO | P2: CANT | Q2: VALOR TOTAL | R2: CANT | S2: VALOR TOTAL | T2: CANT | U2: VALOR TOTAL | V2: CANT | W2: VALOR TOTAL | X2: CANT | Y2: VALOR TOTAL | BT2: # | BU2: NOMBRE | BV2: VALOR ($) | BW2: ACUMULATIVO
A3: 1. PRELIMINARES | BT3: 1 | BU3: MARIA CONCEPCIÓN PINZÓN CASTELLANOS | BV3: ='[112]01_USU_MCPC_M1 '!P56 -> 8107556.3 | BW3: =BV3 -> 8107556.3
A4: 1.1 | B4: 2.01.27 | C4: DEMOLICIÓN DE MESON EN CONCRETO. (INCLUYE RETIRO Y ACARREO LIBRE HASTA 5 KM.) | D4: M2 | E4: 7.5 | F4: 36956 | G4: 0 | H4: =ROUND((E4*F4)+(E4*F4*G4),2) -> 277170 | I4: =F4 -> 36956 | J4: =H4*1.3 -> 360321 | P4: ='ESCUELA EL CARMEN'!O17 -> 6.14 | Q4: =P4*I4 -> 226909.84 | S4: =R4*I4 -> 0 | U4: =T4*I4 -> 0 | W4: =V4*I4 -> 0 | Y4: =X4*I4 -> 0 | BT4: 3 | BU4: SANDRA PATRICIA MARQUEZ | BV4: ='[112]03_USU_SPM_M1 '!P32 -> 11368810 | BW4: =BV4+#REF! -> #REF!
A5: 1.2 | B5: 2.01.70 | C5: EXCAVACION MANUAL EN MATERIAL COMUN | D5: M3 | E5: 2.2 | F5: 70577.63 | G5: 0 | H5: =ROUND((E5*F5)+(E5*F5*G5),2) -> 155270.79 | I5: =F5 -> 70577.63 | J5: =H5*1.3 -> 201852.03 | Q5: =P5*I5 -> 0 | R5: ='ESCUELA DE SAN FRANCISCO'!O48 -> 0.22 | S5: =R5*I5 -> 15527.079 | T5: ='ESCUELA LA ESPERANZA'!O31 -> 0.22 | U5: =T5*I5 -> 15527.079 | W5: =V5*I5 -> 0 | Y5: =X5*I5 -> 0 | BT5: 7 | BU5: JULIO MOLINA | BV5: ='[112]07_USU_JM_M1 '!P20 -> 5800075 | BW5: =#REF!+BV5 -> #REF!
A6: 2. CIMENTACION Y DESAGUES | J6: =H6*1.3 -> 0 | BT6: 8 | BU6: LIBARDO SUÁREZ SUÁREZ | BV6: ='[112]08_USU_LS_M1 '!P66 -> 10431090 | BW6: =BW5+BV6 -> #REF!
A7: 2.1 | B7: 2.02.35 | C7: SUMINISTRO FIGURADA Y AMARRE DE ACERO 60000 PSI 420 MPa | D7: KG | E7: 123.6 | F7: 7675.05 | G7: 0.02 | H7: =ROUND((E7*F7)+(E7*F7*G7),2) -> 967608.9 | I7: =F7*1.02 -> 7828.551 | J7: =H7*1.3 -> 1257891.6 | Q7: =P7*I7 -> 0 | R7: ='ESCUELA DE SAN FRANCISCO'!O56 -> 50.1 | S7: =R7*I7 -> 392210.41 | T7: ='ESCUELA LA ESPERANZA'!O39 -> 50.1 | U7: =T7*I7 -> 392210.41 | W7: =V7*I7 -> 0 | Y7: =X7*I7 -> 0 | BT7: 12 | BU7: JOSÉ DIÓGENES SARMIENTO | BV7: ='[112]12_USU_JDS_M1 '!P21 -> 7305418 | BW7: =#REF!+BV7 -> #REF!
A8: 2.2 | B8: 2.06.37 | C8: JUEGO MARCO Y TAPA (FUNDIDA) PARA CAJA DE INSPECCION 60X60 CM EN ÁNGULO DE 2 1/2" X 2 1/2" CAL. 3/16" CON MALLA DE REFUERZO EN VARILLA DE 3/8 | D8: UND | E8: 2 | F8: 662168.46 | G8: 0.02 | H8: =ROUND((E8*F8)+(E8*F8*G8),2) -> 1350823.7 | I8: =F8*1.02 -> 675411.83 | J8: =H8*1.3 -> 1756070.8 | Q8: =P8*I8 -> 0 | R8: ='ESCUELA DE SAN FRANCISCO'!O89 -> 1 | S8: =R8*I8 -> 675411.83 | U8: =T8*I8 -> 0 | W8: =V8*I8 -> 0 | Y8: =X8*I8 -> 0
A9: 2.3 | B9: REF. 2.02.10 | C9: CONCRETO PARA ZAPATA DE 21 Mpa (3000 PSI) + FORMALETA MADERA | D9: M3 | E9: 0.44 | F9: 918441.77 | G9: 0.02 | H9: =ROUND((E9*F9)+(E9*F9*G9),2) -> 412196.67 | J9: =H9*1.3 -> 535855.67
A10: 3. ESTRUCTURA | J10: =H10*1.3 -> 0 | BT10: 14 | BU10: FLOR MAYERLI YAQUIBE HERNÁNDEZ | BV10: ='[112]14_USU_FMYH_M1 '!P47 -> 8514682 | BW10: =#REF!+BV10 -> #REF!
A11: 3.1 | B11: 2.03.01 | C11: COLUMNAS Y PEDESTALES EN CONCRETO DE 21 MPa - (3000 PSI), H < 3.00 M. (FORMALETA MADERA) | D11: M3 | E11: 0.2 | F11: 1137084.6 | G11: 0.02 | H11: =ROUND((E11*F11)+(E11*F11*G11),2) -> 231965.26 | I11: =F11*1.02 -> 1159826.3 | J11: =H11*1.3 -> 301554.84 | Q11: =P11*I11 -> 0 | R11: ='ESCUELA DE SAN FRANCISCO'!O50 -> 0.1 | S11: =R11*I11 -> 115982.63 | T11: ='ESCUELA LA ESPERANZA'!O33 -> 0.1 | U11: =T11*I11 -> 115982.63 | W11: =V11*I11 -> 0 | Y11: =X11*I11 -> 0 | BT11: 16 | BU11: MARÍA ALICIA FUQUENE FERRO | BV11: ='[112]16_USU_MAFF_M1'!P66 -> 7032442 | BW11: =#REF!+BV11 -> #REF!
A12: 4. MAMPOSTERIA | J12: =H12*1.3 -> 0 | BT12: 17 | BU12: CARLOS JULIO SUÁREZ | BV12: ='[112]17_USU_CJS_M1'!P88 -> 12024779 | BW12: =BW11+BV12 -> #REF!
A13: 4.1 | B13: 2.04.09 | C13: MESONES EN CONCRETO A = 0.60 M. 17.5 MPa - (2500 PSI) INCLUYE REFUERZO, E = 0.10 M. | D13: M2 | E13: 8.59 | F13: 187550.79 | G13: 0.02 | H13: =ROUND((E13*F13)+(E13*F13*G13),2) -> 1643282.5 | I13: =F13*1.02 -> 191301.81 | J13: =H13*1.3 -> 2136267.3 | P13: ='ESCUELA EL CARMEN'!O22 -> 4.11 | Q13: =P13*I13 -> 786250.42 | R13: ='ESCUELA DE SAN FRANCISCO'!O28 -> 4.48 | S13: =R13*I13 -> 857032.09 | U13: =T13*I13 -> 0 | W13: =V13*I13 -> 0 | Y13: =X13*I13 -> 0 | BT13: 18 | BU13: YESICA RUBIELA SUAREZ SALAS | BV13: ='[112]18_USU_YRSS_M1'!P32 -> 8567407 | BW13: =BV13+BW12 -> #REF!
A14: 4.2 | B14: 2.04.16 | C14: MURO EN BLOQUE No.5 E=0.12 MTS | D14: M2 | E14: 9.73 | F14: 64570.94 | G14: 0.02 | H14: =ROUND((E14*F14)+(E14*F14*G14),2) -> 640840.75 | I14: =F14*1.02 -> 65862.359 | J14: =H14*1.3 -> 833092.97 | Q14: =P14*I14 -> 0 | R14: ='ESCUELA DE SAN FRANCISCO'!O66 -> 9.73 | S14: =R14*I14 -> 640840.75 | U14: =T14*I14 -> 0 | W14: =V14*I14 -> 0 | Y14: =X14*I14 -> 0 | BT14: 20 | BU14: FLOR EMILIA MOLINA | BV14: ='[112]20_USU_FEM_M1'!P43 -> 6195759 | BW14: =BV14+#REF! -> #REF!
A15: 4.3 | B15: 2.04.30 | C15: MURO TOLETE COMUN E=0.10 mts. | D15: M2 | E15: 0.96 | F15: 81109.52 | G15: 0.02 | H15: =ROUND((E15*F15)+(E15*F15*G15),2) -> 79422.44 | I15: =F15*1.02 -> 82731.71 | J15: =H15*1.3 -> 103249.17 | Q15: =P15*I15 -> 0 | R15: ='ESCUELA DE SAN FRANCISCO'!O87 -> 0.96 | S15: =R15*I15 -> 79422.442 | U15: =T15*I15 -> 0 | W15: =V15*I15 -> 0 | Y15: =X15*I15 -> 0 | BT15: 21 | BU15: SANDRA TATIANA SALAS MOLANO | BV15: ='[112]21_USU_STSM_M1'!P152 -> 16292883 | BW15: =BW14+BV15 -> #REF!
A16: 4.4 | B16: 1.03.12 | C16: PAÑETE LISO MUROS 1:4 | D16: M2 | E16: 20.97 | F16: 35818.47 | G16: 0.02 | H16: =ROUND((E16*F16)+(E16*F16*G16),2) -> 766135.58 | I16: =F16*1.02 -> 36534.839 | J16: =H16*1.3 -> 995976.25 | Q16: =P16*I16 -> 0 | R16: ='ESCUELA DE SAN FRANCISCO'!O76 -> 11.97 | S16: =R16*I16 -> 437322.03 | U16: =T16*I16 -> 0 | W16: =V16*I16 -> 0 | Y16: =X16*I16 -> 0 | BT16: 24 | BU16: LORENA RIAÑO | BV16: ='[112]24_USU_LR_M1'!P107 -> 17936976 | BW16: =BV16+#REF! -> #REF!
A17: 4.5 | B17: 2.07.19 | C17: VINILO TIPO II SOBRE PAÑETE DOS MANOS EN MUROS | D17: M2 | E17: 320.08 | F17: 9941.61 | G17: 0.02 | H17: =ROUND((E17*F17)+(E17*F17*G17),2) -> 3245752.7 | I17: =F17*1.02 -> 10140.442 | J17: =H17*1.3 -> 4219478.6 | Q17: =P17*I17 -> 0 | R17: ='ESCUELA DE SAN FRANCISCO'!O23 -> 85.6 | S17: =R17*I17 -> 868021.85 | T17: ='ESCUELA LA ESPERANZA'!O29 -> 117.07 | U17: =T17*I17 -> 1187141.6 | V17: ='ESCUELA EL ROBLE'!O21 -> 87.42 | W17: =V17*I17 -> 886477.46 | Y17: =X17*I17 -> 0 | BT17: 28 | BU17: MAURICIO RUIZ GARCIA | BV17: ='[112]28_USU_MR_M1'!P60 -> 4784212 | BW17: =#REF!+BV17 -> #REF!
A18: 5. INSTALACIONES HIDRAULICAS | J18: =H18*1.3 -> 0 | BT18: 29 | BU18: MARIA GLORIA HIGUERA | BV18: ='[112]29_USU_MGH_M1'!P85 -> 11532694 | BW18: =BV18+BW17 -> #REF!
A19: 5.1 | B19: 2.12.01 | C19: SUMINISTRO E INSTALACIÓN DE TUBERÍA PVC DE 1/2" T.P, PARA RED DE SUMINISTRO | D19: ML | E19: 8 | F19: 7548.65 | G19: 0.02 | H19: =ROUND((E19*F19)+(E19*F19*G19),2) -> 61596.98 | I19: =F19*1.02 -> 7699.623 | J19: =H19*1.3 -> 80076.074 | Q19: =P19*I19 -> 0 | R19: ='ESCUELA DE SAN FRANCISCO'!O59 -> 3 | S19: =R19*I19 -> 23098.869 | T19: ='ESCUELA LA ESPERANZA'!O42 -> 3 | U19: =T19*I19 -> 23098.869 | W19: =V19*I19 -> 0 | Y19: =X19*I19 -> 0 | BT19: 30 | BU19: NIDIA CRISTINA CIFUENTES | BV19: ='[112]30_USU_NCC_M1'!P61 -> 9772497 | BW19: =BW18+BV19 -> #REF!
A20: 5.2 | B20: 2.12.09 | C20: SUMINISTRO E INSTALACIÓN DE SALIDA DE AGUA FRÍA EN TUBERÍA PVC DE 1/2" T.P. (PUNTO HIDRAULICO 1/2") | D20: UND | E20: 2 | F20: 112409.98 | G20: 0.02 | H20: =ROUND((E20*F20)+(E20*F20*G20),2) -> 229316.36 | I20: =F20*1.02 -> 114658.18 | J20: =H20*1.3 -> 298111.27 | Q20: =P20*I20 -> 0 | R20: ='ESCUELA DE SAN FRANCISCO'!O77 -> 1 | S20: =R20*I20 -> 114658.18 | U20: =T20*I20 -> 0 | W20: =V20*I20 -> 0 | Y20: =X20*I20 -> 0 | BT20: 31 | BU20: CLAUDIA MARCELA ÁVILA RODRIGUEZ | BV20: ='[112]31_USU_MS_M1 '!P39 -> 8435817 | BW20: =BW19+BV20 -> #REF!
A21: 5.3 | B21: 2.12.43 | C21: SUMINISTRO E INSTALACIÓN DE REGISTRO DE BOLA ROSCADO PVC DE 3/4" T.P. | D21: UND | E21: 2 | F21: 30016.63 | G21: 0.02 | H21: =ROUND((E21*F21)+(E21*F21*G21),2) -> 61233.93 | I21: =F21*1.02 -> 30616.963 | J21: =H21*1.3 -> 79604.109 | Q21: =P21*I21 -> 0 | R21: ='ESCUELA DE SAN FRANCISCO'!O61 -> 1 | S21: =R21*I21 -> 30616.963 | T21: ='ESCUELA LA ESPERANZA'!O44 -> 1 | U21: =T21*I21 -> 30616.963 | W21: =V21*I21 -> 0 | Y21: =X21*I21 -> 0 | BT21: 32 | BU21: MARCELA RAMOS | BV21: ='[112]32_USU_MR_M1'!P22 -> 18668884 | BW21: =BW20+BV21 -> #REF!
A22: 5.4 | B22: 2.12.166 | C22: SUMINISTRO E INSTALACIÓN DE TANQUE DE ALMACENAMIENTO DE 500L (INCLUYE CONECTOR DE ENTRADA Y SALIDA)(NO INCLUYE FLOTADOR) | D22: UND | E22: 2 | F22: 526509.06 | G22: 0.02 | H22: =ROUND((E22*F22)+(E22*F22*G22),2) -> 1074078.5 | I22: =F22*1.02 -> 537039.24 | J22: =H22*1.3 -> 1396302 | Q22: =P22*I22 -> 0 | R22: ='ESCUELA DE SAN FRANCISCO'!O57 -> 1 | S22: =R22*I22 -> 537039.24 | U22: =T22*I22 -> 0 | W22: =V22*I22 -> 0 | Y22: =X22*I22 -> 0 | BT22: 34 | BU22: AURA LINDA GARAVITA | BV22: ='[112]34_USU_ALG_M1'!P48 -> 5208921 | BW22: =#REF!+BV22 -> #REF!
A23: 5.5 | B23: 2.12.170 | C23: SUMINISTRO E INSTALACIÓN DE VÁLVULA CON FLOTADOR PARA TANQUE ELEVADO 1/2", CON FLOTADOR EN BOLA PLÁSTICA | D23: UND | E23: 2 | F23: 89118.87 | G23: 0.02 | H23: =ROUND((E23*F23)+(E23*F23*G23),2) -> 181802.49 | I23: =F23*1.02 -> 90901.247 | J23: =H23*1.3 -> 236343.24 | Q23: =P23*I23 -> 0 | R23: ='ESCUELA DE SAN FRANCISCO'!O58 -> 1 | S23: =R23*I23 -> 90901.247 | T23: ='ESCUELA LA ESPERANZA'!O41 -> 1 | U23: =T23*I23 -> 90901.247 | W23: =V23*I23 -> 0 | Y23: =X23*I23 -> 0 | BT23: 35 | BU23: BENJAMIN BENITEZ | BV23: ='[112]35_USU_BB_M1'!P86 -> 11852666 | BW23: =BW22+BV23 -> #REF!
A24: 5.6 | B24: 2.12.167 | C24: SUMINISTRO E INSTALACIÓN DE TANQUE DE ALMACENAMIENTO DE 1000 L (INCLUYE CONECTOR DE ENTRADA Y SALIDA) (NO INCLUYE FLOTADOR) | D24: UND | E24: 1 | F24: 1000269.7 | G24: 0.02 | H24: =ROUND((E24*F24)+(E24*F24*G24),2) -> 1020275.1 | I24: =F24*1.02 -> 1020275.1 | J24: =H24*1.3 -> 1326357.6 | Q24: =P24*I24 -> 0 | S24: =R24*I24 -> 0 | T24: ='ESCUELA LA ESPERANZA'!O40 -> 1 | U24: =T24*I24 -> 1020275.1 | W24: =V24*I24 -> 0 | Y24: =X24*I24 -> 0
A25: 6. INSTALACIONES SANITARIAS | J25: =H25*1.3 -> 0 | BT25: 36 | BU25: RAMIRO TORRES FONSECA | BV25: ='[112]36_USU_RTF_M1'!P57 -> 10786875 | BW25: =BW23+BV25 -> #REF!
A26: 6.1 | B26: 2.02.32 | C26: SUMINISTRO E INSTALACION TUBERIA PVC SANITARIA D= 3" | D26: ML | E26: 15 | F26: 37310.69 | G26: 0.02 | H26: =ROUND((E26*F26)+(E26*F26*G26),2) -> 570853.56 | I26: =F26*1.02 -> 38056.904 | J26: =H26*1.3 -> 742109.63 | Q26: =P26*I26 -> 0 | S26: =R26*I26 -> 0 | U26: =T26*I26 -> 0 | W26: =V26*I26 -> 0 | Y26: =X26*I26 -> 0 | BT26: 38 | BU26: LILIA SANCHEZ | BV26: ='[112]38_USU_LS_AP1'!P55 -> 8430724 | BW26: =#REF!+BV26 -> #REF!
A27: 6.2 | B27: 5.01.11 | C27: PUNTO DE DESAGUES D=2" | D27: UND | E27: 4 | F27: 82624 | G27: 0.02 | H27: =ROUND((E27*F27)+(E27*F27*G27),2) -> 337105.92 | I27: =F27*1.02 -> 84276.48 | J27: =H27*1.3 -> 438237.7 | P27: ='ESCUELA EL CARMEN'!O32 -> 1 | Q27: =P27*I27 -> 84276.48 | R27: ='ESCUELA DE SAN FRANCISCO'!O39 -> 1 | S27: =R27*I27 -> 84276.48 | U27: =T27*I27 -> 0 | W27: =V27*I27 -> 0 | Y27: =X27*I27 -> 0 | BT27: 39 | BU27: MAGDALENA LÓPEZ LEÓN | BV27: ='[112]39_USU_MLL_AP1'!P61 -> 8734620 | BW27: =BW26+BV27 -> #REF!
A28: 6.3 | B28: 2.02.33 | C28: SUMINISTRO E INSTALACIÓN DE TUBERÍA PVC SANITARIA D = 4" | D28: ML | E28: 35 | F28: 52061.96 | G28: 0.02 | H28: =ROUND((E28*F28)+(E28*F28*G28),2) -> 1858612 | I28: =F28*1.02 -> 53103.199 | J28: =H28*1.3 -> 2416195.6
A29: 7. BASES Y PISOS | J29: =H29*1.3 -> 0 | BX29: =H67 -> 70064184 | BY29: VALOR CONTRATO
A30: 7.1 | B30: 2.05.04 | C30: ALISTADO PISO 1:5 E= 4.0 CM. | D30: M2 | E30: 117.4 | F30: 33165.57 | G30: 0.02 | H30: =ROUND((E30*F30)+(E30*F30*G30),2) -> 3971510.7 | I30: =F30*1.02 -> 33828.881 | J30: =H30*1.3 -> 5162963.9 | Q30: =P30*I30 -> 0 | S30: =R30*I30 -> 0 | U30: =T30*I30 -> 0 | V30: ='ESCUELA EL ROBLE'!O31 -> 56.7 | W30: =V30*I30 -> 1918097.6 | X30: ='ESCUELA INTEGRADA MIXTA'!O23 -> 56.7 | Y30: =X30*I30 -> 1918097.6 | BX30: =#REF! -> #REF! | BY30: VALOR TOTAL
A31: 7.2 | B31: 2.05.25 | C31: PLACA BASE EN CONCRETO E= 8 CM 2500 PSI | D31: M2 | E31: 4.5 | F31: 74483.79 | G31: 0.02 | H31: =ROUND((E31*F31)+(E31*F31*G31),2) -> 341880.6 | I31: =F31*1.02 -> 75973.466 | J31: =H31*1.3 -> 444444.78 | Q31: =P31*I31 -> 0 | R31: ='ESCUELA DE SAN FRANCISCO'!O82 -> 4.5 | S31: =R31*I31 -> 341880.6 | U31: =T31*I31 -> 0 | W31: =V31*I31 -> 0 | Y31: =X31*I31 -> 0 | BX31: =BX29-BX30 -> #REF! | BY31: FALTANTE
A32: 7.3 | B32: 3.13.24 | C32: SUMINISTRO E INSTALACIÓN DE MALLA ELECTROSOLDADA | D32: KG | E32: 5.64 | F32: 7423.82 | G32: 0.02 | H32: =ROUND((E32*F32)+(E32*F32*G32),2) -> 42707.75 | I32: =F32*1.02 -> 7572.2964 | J32: =H32*1.3 -> 55520.075 | Q32: =P32*I32 -> 0 | R32: ='ESCUELA DE SAN FRANCISCO'!O86 -> 4.64 | S32: =R32*I32 -> 35135.455 | U32: =T32*I32 -> 0 | W32: =V32*I32 -> 0 | Y32: =X32*I32 -> 0
A33: 8. CUBIERTA | J33: =H33*1.3 -> 0
A34: 8.1 | B34: 2.08.21 | C34: SUMINISTRO E INSTALACIÓN CUBIERTA EN TEJA FIBROCEMENTO NUMERO 8 | D34: M2 | E34: 20.08 | F34: 66602.21 | G34: 0.02 | H34: =ROUND((E34*F34)+(E34*F34*G34),2) -> 1364119.8 | I34: =F34*1.02 -> 67934.254 | J34: =H34*1.3 -> 1773355.8 | Q34: =P34*I34 -> 0 | S34: =R34*I34 -> 0 | T34: ='ESCUELA LA ESPERANZA'!O45 -> 20.08 | U34: =T34*I34 -> 1364119.8 | W34: =V34*I34 -> 0 | Y34: =X34*I34 -> 0
A35: 9. INSTALACIONES ELECTRICAS | J35: =H35*1.3 -> 0
A36: 9.1 | B36: 2.10.115 | C36: SUMINISTRO E INSTALACIÓN DE SALIDA COMPLETA PARA TOMACORRIENTE MONOFÁSICO TIPO GFCI, EN CALIBRE 12 AWG (F, N, T) Y DUCTO PVC DE 1/2". (INCLUYE APARATO). | D36: UND | E36: 2 | F36: 170016.03 | G36: 0.02 | H36: =ROUND((E36*F36)+(E36*F36*G36),2) -> 346832.7 | I36: =F36*1.02 -> 173416.35 | J36: =H36*1.3 -> 450882.51 | Q36: =P36*I36 -> 0 | R36: ='ESCUELA DE SAN FRANCISCO'!O79 -> 2 | S36: =R36*I36 -> 346832.7 | U36: =T36*I36 -> 0 | W36: =V36*I36 -> 0 | Y36: =X36*I36 -> 0
A37: 9.2 | B37: 2.10.136 | C37: SUMINISTRO E INSTALACIÓN DE SALIDA COMPLETA PARA INTERRUPTOR SENCILLO EN CALIBRE 12 AWG Y DUCTO PVC 1/2 " (INCLUYE APARATO) | D37: UND | E37: 1 | F37: 99367.51 | G37: 0.02 | H37: =ROUND((E37*F37)+(E37*F37*G37),2) -> 101354.86 | I37: =F37*1.02 -> 101354.86 | J37: =H37*1.3 -> 131761.32 | Q37: =P37*I37 -> 0 | R37: ='ESCUELA DE SAN FRANCISCO'!O78 -> 1 | S37: =R37*I37 -> 101354.86 | U37: =T37*I37 -> 0 | W37: =V37*I37 -> 0 | Y37: =X37*I37 -> 0
A38: 9.3 | B38: 2.10.180 | C38: SUMINISTRO E INSTALACIÓN DE PANEL LED REDONDO DE SOBREPONER DE 24 W | D38: UND | E38: 5 | F38: 38060.59 | G38: 0.02 | H38: =ROUND((E38*F38)+(E38*F38*G38),2) -> 194109.01 | I38: =F38*1.02 -> 38821.802 | J38: =H38*1.3 -> 252341.71 | Q38: =P38*I38 -> 0 | R38: ='ESCUELA DE SAN FRANCISCO'!O47 -> 5 | S38: =R38*I38 -> 194109.01 | U38: =T38*I38 -> 0 | W38: =V38*I38 -> 0 | Y38: =X38*I38 -> 0
A39: 9.4 | B39: 2.10.179 | C39: SUMINISTRO E INSTALACIÓN DE PANEL LED REDONDO DE INCRUSTAR DE 24 W | D39: UND | E39: 10 | F39: 42380.79 | G39: 0.02 | H39: =ROUND((E39*F39)+(E39*F39*G39),2) -> 432284.06 | I39: =F39*1.02 -> 43228.406 | J39: =H39*1.3 -> 561969.28 | Q39: =P39*I39 -> 0 | S39: =R39*I39 -> 0 | T39: ='ESCUELA LA ESPERANZA'!O30 -> 10 | U39: =T39*I39 -> 432284.06 | W39: =V39*I39 -> 0 | Y39: =X39*I39 -> 0
A40: 10. ACABADOS Y APARATOS | J40: =H40*1.3 -> 0
A41: 10.1 | B41: 2.05.19 | C41: PISOS EN CERAMICA | D41: M2 | E41: 125.8 | F41: 91325.6 | G41: 0.02 | H41: =ROUND((E41*F41)+(E41*F41*G41),2) -> 11718536 | I41: =F41*1.02 -> 93152.112 | J41: =H41*1.3 -> 15234096 | Q41: =P41*I41 -> 0 | S41: =R41*I41 -> 0 | U41: =T41*I41 -> 0 | V41: ='ESCUELA EL ROBLE'!O26 -> 56.7 | W41: =V41*I41 -> 5281724.8 | X41: ='ESCUELA INTEGRADA MIXTA'!O18 -> 56.7 | Y41: =X41*I41 -> 5281724.8
A42: 10.2 | B42: 2.05.19 | C42: SUMINISTRO E INSTALACION DE ENCHAPE PARED EN CERAMICA | D42: M2 | E42: 16.63 | F42: 91325.6 | G42: 0.02 | H42: =ROUND((E42*F42)+(E42*F42*G42),2) -> 1549119.6 | I42: =F42*1.02 -> 93152.112 | J42: =H42*1.3 -> 2013855.5 | P42: ='ESCUELA EL CARMEN'!O28 -> 3.93 | Q42: =P42*I42 -> 366087.8 | R42: ='ESCUELA DE SAN FRANCISCO'!O35 -> 12.7 | S42: =R42*I42 -> 1183031.8 | U42: =T42*I42 -> 0 | W42: =V42*I42 -> 0 | Y42: =X42*I42 -> 0
A43: 10.3 | B43: 2.06.15 | C43: SUMINISTRO E INSTALACIÓN DE REMATE BOCEL DE ALUMINIO "WIN" | D43: ML | E43: 9.5 | F43: 20594.02 | G43: 0.02 | H43: =ROUND((E43*F43)+(E43*F43*G43),2) -> 199556.05 | I43: =F43*1.02 -> 21005.9 | J43: =H43*1.3 -> 259422.86 | P43: ='ESCUELA EL CARMEN'!O29 -> 4.38 | Q43: =P43*I43 -> 92005.844 | R43: ='ESCUELA DE SAN FRANCISCO'!O36 -> 5.12 | S43: =R43*I43 -> 107550.21 | U43: =T43*I43 -> 0 | W43: =V43*I43 -> 0 | Y43: =X43*I43 -> 0
A44: 10.4 | B44: 2.09.01 | C44: SUMINISTRO E INSTALACIÓN DE CIELO RASO EN PVC DE 7 MM. | D44: M2 | E44: 135.8 | F44: 78024.98 | G44: 0.02 | H44: =ROUND((E44*F44)+(E44*F44*G44),2) -> 10807708 | I44: =F44*1.02 -> 79585.48 | J44: =H44*1.3 -> 14050021 | Q44: =P44*I44 -> 0 | S44: =R44*I44 -> 0 | T44: ='ESCUELA LA ESPERANZA'!O18 -> 57.34 | U44: =T44*I44 -> 4563431.4 | V44: ='ESCUELA EL ROBLE'!O16 -> 56.7 | W44: =V44*I44 -> 4512496.7 | Y44: =X44*I44 -> 0
A45: 10.5 | B45: REF. 2.05.19 | C45: SUMINISTRO E INSTALACIÓN DE GUARDAESCOBA EN CERÁMICA PARA PISO H= 0.075 m | D45: ML | E45: 77.061066 | F45: 24013 | G45: 0.02 | H45: =ROUND((E45*F45)+(E45*F45*G45),2) -> 1887476.7 | J45: =H45*1.3 -> 2453719.7
A46: 11. CARPINTERIAS | J46: =H46*1.3 -> 0
A47: 11.1 | B47: 2.15.05 | C47: SUMINISTRO E INSTALACIÓN DE MARCO EN LÁMINA 0.80 < A < 1.00 M. CAL. 18 INC. (INCLUYE ANTICORROSIVO). | D47: UND | E47: 2 | F47: 223386.97 | G47: 0.02 | H47: =ROUND((E47*F47)+(E47*F47*G47),2) -> 455709.42 | I47: =F47*1.02 -> 227854.71 | J47: =H47*1.3 -> 592422.25 | Q47: =P47*I47 -> 0 | R47: ='ESCUELA DE SAN FRANCISCO'!O67 -> 1 | S47: =R47*I47 -> 227854.71 | U47: =T47*I47 -> 0 | W47: =V47*I47 -> 0 | Y47: =X47*I47 -> 0
A48: 11.2 | B48: 2.15.06 | C48: SUMINISTRO E INSTALACIÓN DE PUERTA EN LÁMINA CAL. 18. (INCLUYE ANTICORROSIVO). (NO INCLUYE CERRADURA). | D48: M2 | E48: 3.2 | F48: 265733.32 | G48: 0.02 | H48: =ROUND((E48*F48)+(E48*F48*G48),2) -> 867353.56 | I48: =F48*1.02 -> 271047.99 | J48: =H48*1.3 -> 1127559.6 | R48: ='ESCUELA DE SAN FRANCISCO'!O68 -> 1.6 | S48: =R48*I48 -> 433676.78 | U48: =T48*I48 -> 0 | W48: =V48*I48 -> 0 | Y48: =X48*I48 -> 0
A49: 11.3 | B49: 2.15.12 | C49: SUMINSITRO E INSTALACIÓN DE VENTANA EN LÁMINA COLD ROLLED CAL.18 CON VIDRIO. (INCLUYE ANTICORROSIVO). | D49: M2 | E49: 3.3 | F49: 277984.97 | G49: 0.02 | H49: =ROUND((E49*F49)+(E49*F49*G49),2) -> 935697.41 | I49: =F49*1.02 -> 283544.67 | J49: =H49*1.3 -> 1216406.6 | Q49: =P49*I49 -> 0 | R49: ='ESCUELA DE SAN FRANCISCO'!O69 -> 1.5 | S49: =R49*I49 -> 425317 | U49: =T49*I49 -> 0 | W49: =V49*I49 -> 0 | Y49: =X49*I49 -> 0
A50: 11.4 | B50: 2.17.05 | C50: SUMINISTRO E INSTALACIÓN DE CERRADURA DOBLE CILINDRO TIPO YALE 105 O SIMILAR | D50: UND | E50: 2 | F50: 138036.63 | G50: 0.02 | H50: =ROUND((E50*F50)+(E50*F50*G50),2) -> 281594.73 | I50: =F50*1.02 -> 140797.36 | J50: =H50*1.3 -> 366073.15 | Q50: =P50*I50 -> 0 | R50: ='ESCUELA DE SAN FRANCISCO'!O70 -> 1 | S50: =R50*I50 -> 140797.36 | U50: =T50*I50 -> 0 | W50: =V50*I50 -> 0 | Y50: =X50*I50 -> 0
A51: 11.5 | B51: 2.17.09 | C51: SUMINISTRO E INSTALACIÓN DE VIDRIO CRUDO INCOLORO DE 5.0 MM. | D51: M2 | E51: 3.8 | F51: 99369.78 | G51: 0.02 | H51: =ROUND((E51*F51)+(E51*F51*G51),2) -> 385157.27 | I51: =F51*1.02 -> 101357.18 | J51: =H51*1.3 -> 500704.45 | P51: ='ESCUELA EL CARMEN'!O35 -> 1.62 | Q51: =P51*I51 -> 164198.62 | S51: =R51*I51 -> 0 | U51: =T51*I51 -> 0 | W51: =V51*I51 -> 0 | Y51: =X51*I51 -> 0
A52: 11.6 | B52: 2.15.09 | C52: SUMINISTRO E INSTALACIÓN DE REJA TIPO BANCARIA EN VARILLA CUADRADA. ( INCLUYE ANTICORROSIVO). | D52: M2 | E52: 0.96 | F52: 163002.5 | G52: 0.02 | H52: =ROUND((E52*F52)+(E52*F52*G52),2) -> 159612.05 | I52: =F52*1.02 -> 166262.55 | J52: =H52*1.3 -> 207495.66 | Q52: =P52*I52 -> 0 | R52: ='ESCUELA DE SAN FRANCISCO'!O88 -> 0.96 | S52: =R52*I52 -> 159612.05 | U52: =T52*I52 -> 0 | W52: =V52*I52 -> 0 | Y52: =X52*I52 -> 0
A53: 12.APARATOS SANITARIOS | J53: =H53*1.3 -> 0
A54: 12.1 | B54: 2.12.199 | C54: SUMINISTRO E INSTALACIÓN LAVAPLATOS ACERO INOXIDABLE 0.50 X 0.35 M | D54: UND | E54: 3 | F54: 159030.31 | G54: 0.02 | H54: =ROUND((E54*F54)+(E54*F54*G54),2) -> 486632.75 | J54: =H54*1.3 -> 632622.58
A55: 12.2 | B55: 2.12.183 | C55: SUMINISTRO E INSTALACIÓN DE GRIFERÍA COMPLETA CON LLAVE TIPO GANSO | D55: UND | E55: 2 | F55: 134623.11 | G55: 0.02 | H55: =ROUND((E55*F55)+(E55*F55*G55),2) -> 274631.14 | J55: =H55*1.3 -> 357020.48
A56: 13.ESTRUCTURAS DE CONCRETO | J56: =H56*1.3 -> 0
A57: 13.1 | B57: 2.03.26 | C57: PLACA MACIZA EN CONCRETO DE 21 MPa - (3000 PSI) E = 0.10 M. | D57: M2 | E57: 2 | F57: 162748.88 | G57: 0.02 | H57: =ROUND((E57*F57)+(E57*F57*G57),2) -> 332007.72 | J57: =H57*1.3 -> 431610.04
A58: 14.PINTURAS Y ESMALTES | J58: =H58*1.3 -> 0
A59: 14.1 | B59: 2.07.01 | C59: SUMINISTRO E INSTALACIÓN DE ESMALTE LÁMINA LINEAL 3 MANOS | D59: ML | E59: 68.2 | F59: 8226.84 | G59: 0.02 | H59: =ROUND((E59*F59)+(E59*F59*G59),2) -> 572291.9 | J59: =H59*1.3 -> 743979.47
A60: 14.1 | B60: 2.07.18 | C60: SUMINISTRO E INSTALACIÓN DE VINILO TIPO II SOBRE PAÑETE O ESTUCO A DOS MANOS BAJO PLACA | D60: M2 | E60: 51.97 | F60: 18767.13 | G60: 0.02 | H60: =ROUND((E60*F60)+(E60*F60*G60),2) -> 994834.3 | J60: =H60*1.3 -> 1293284.6
A61: 15. INSTALACIONES HIDRÁULICAS Y SANITARIAS | J61: =H61*1.3 -> 0
A62: 15.1 | B62: 2.12.03 | C62: SUMINISTRO E INSTALACIÓN DE TUBERÍA PVC DE 1" T.P. PARA RED DE SUMINISTRO. | D62: ML | E62: 2 | F62: 13462.83 | G62: 0.02 | H62: =ROUND((E62*F62)+(E62*F62*G62),2) -> 27464.17 | J62: =H62*1.3 -> 35703.421
A63: COSTO DIRECTO | H63: =ROUND(SUM(H4:H62),2) -> 53895526 | Q63: 2 | S63: 2 | U63: 2 | W63: 2 | Y63: 2
A64: ADMINISTRACION | G64: 0.24 | H64: =$H$63*G64 -> 12934926
A65: IMPREVISTOS | G65: 0.01 | H65: =$H$63*G65 -> 538955.26 | Q65: =#REF!-#REF! -> #REF! | S65: =#REF!-#REF! -> #REF! | U65: =#REF!-#REF! -> #REF! | W65: =#REF!-#REF! -> #REF! | Y65: =#REF!-#REF! -> #REF!
A66: UTILIDAD | G66: 0.05 | H66: =$H$63*G66 -> 2694776.3
A67: COSTO TOTAL | H67: =ROUND(SUM(H63:H66),2) -> 70064184

Sheet Hoja2
D4: MUNICIPIO DE CÓMBITA
L5: VERSIÓN | M5: 1
D6: SAMC-004-2026
L7: PÁGINA | M7: 1 | N7: DE | O7: 1
D9: ANÁLISIS DE PRECIOS UNITARIOS
L11: FECHA | M11: DD | N11: MM | O11: AA
C13: ÍTEMS DE LA PROPUESTA ECONÓMICA | I13: ÍTEMS NO PREVISTOS | K13: X
C17: DATOS ESPECÍFICOS
C19: ÍTEM | D19: DESCRIPCIÓN | M19: UNIDAD | O19: CANTIDAD
C20: NP2 | D20: SUMINISTRO E INSTALACIÓN LAVAPLATOS ACERO INOXIDABLE 0.50 X 0.35 M | M20: Und
C21: I. EQUIPO
C24: DESCRIPCIÓN | H24: MARCA | J24: TIPO | L24: TARIFA/HORA | M24: RENDIMIENTO | O24: Vr. UNITARIO
C25: Herramienta y Equipo Menor(% M.O) | H25: N/A | J25: N/A | L25: =+O56 -> 56111.408 | M25: 0.05 | O25: =ROUND(L25*M25,2) -> 2805.57
O26: =ROUND(L26*M26,2) -> 0
C29: SUBTOTAL $ | O29: =+SUM(O25:O28) -> 2805.57
C30: II. MATERIALES
C33: DESCRIPCIÓN | K33: UNIDAD | L33: CANTIDAD | M33: PRECIO UNIT. | O33: Vr. UNITARIO
C34: LAVAPLATOS ACERO INXIDABLE 0.50 X 0.35 M | K34: UND | L34: 1 | M34: 92900 | O34: =ROUND(L34*M34,2) -> 92900
C35: SELLANTE POLIURETANO TIPO SIKAFLEX PRO 3WF O SIMILAR | K35: UND | L35: 0.2 | M35: 36066.67 | O35: =ROUND(L35*M35,2) -> 7213.33
O39: =ROUND(L39*M39,2) -> 0
C40: SUBTOTAL $ | O40: =+SUM(O34:O39) -> 100113.33
C41: III. TRANSPORTES
C44: MATERIAL | J44: VOL. o PESO | K44: DISTANCIA | L44: M3 o Ton/Km | M44: TARIFA | O44: Vr. UNITARIO
O45: =ROUND(L45*M45,2) -> 0
C47: SUBTOTAL $ | O47: =+SUM(O45:O46) -> 0
C48: IV. MANO DE OBRA
C51: TRABAJADOR | J51: UNIDAD | K51: - | L51: VR. UNITARIO | M51: RENDIMIENTO | O51: Vr. UNITARIO
C52: CUADRILLA DE INSTALACIONES (BB) | J52: HC | L52: 35069.63 | M52: 1.6 | O52: =+L52*M52 -> 56111.408
C56: SUBTOTAL $ | O56: =+SUM(O52:O55) -> 56111.408
C58: TOTAL COSTO DIRECTO $ | O58: =ROUNDDOWN(+O56+O47+O40+O29,0) -> 159030
C59: FACTOR INCREMENTO POR DISTANCIA (2%)
C60: TOTAL COSTO DIRECTO + F.I.D $
C61: V. COSTOS INDIRECTOS
C64: Descripción | L64: Porcentaje | M64: Valor Total
C65: ADMINISTRACION | L65: 0.24
C66: IMPREVISTOS | L66: 0.01
C67: UTILIDAD | L67: 0.05
C68: SUBTOTAL $ | O68: =+SUM(O65:O67) -> 0
C70: Precio Unitario Total Aproximado al peso $ | O70: -
H72: Firma
H73: Nombre:
H74: Representante legal del Contratista o su apoderado
H75: Matricula:
C77: OBSERVACIONES INTERVENTORÍA/SUPERVISIÓN | H77: RESOLUCIÓN 050 GOBERNACIÓN DE BOYACÁ ÍTEM 2.12.199
C81: APROBACIÓN POR INTERVENTORÍA/SUPERVISIÓN
C82: Nota 1: Cuando se trate de análisis de Precios Unitarios correspondientes a ítems de la propuesta económica aprobada, el Interventor aprueba el desglose de los componentes manteniendo el mismo Precio Unitario de cada ítem, cumpliendo con las especificaciones de construcción vigentes para el proyecto.
C84: Nota 2: Cuando se trate de análisis de Precios Unitarios de ítems no previstos, el Interventor aprueba el desglose y Precio Unitario de cada ítem no previsto, exigiendo la aplicación de los costos correspondientes a insumos y tarifas de la propuesta económica inicial cuando estén contemplados, cumpliendo con las especificaciones de construcción vigente para el proyecto.
H87: Firma
H88: Nombre:
H89: Representante legal del Supervisor o su apoderado
H90: Matricula :

Sheet Hoja3
D4: MUNICIPIO DE CÓMBITA
L5: VERSIÓN | M5: 1
D6: SAMC-004-2026
L7: PÁGINA | M7: 1 | N7: DE | O7: 1
D9: ANÁLISIS DE PRECIOS UNITARIOS
L11: FECHA | M11: DD | N11: MM | O11: AA
C13: ÍTEMS DE LA PROPUESTA ECONÓMICA | I13: ÍTEMS NO PREVISTOS | K13: X
C17: DATOS ESPECÍFICOS
C19: ÍTEM | D19: DESCRIPCIÓN | M19: UNIDAD | O19: CANTIDAD
C20: NP3 | D20: SUMINISTRO E INSTALACIÓN DE GRIFERÍA COMPLETA CON LLAVE TIPO GANSO | M20: Und
C21: I. EQUIPO
C24: DESCRIPCIÓN | H24: MARCA | J24: TIPO | L24: TARIFA/HORA | M24: RENDIMIENTO | O24: Vr. UNITARIO
C25: Herramienta y Equipo Menor(% M.O) | H25: N/A | J25: N/A | L25: =+O56 -> 35069.63 | M25: 0.05 | O25: =ROUND(L25*M25,2) -> 1753.48
O26: =ROUND(L26*M26,2) -> 0
C29: SUBTOTAL $ | O29: =+SUM(O25:O28) -> 1753.48
C30: II. MATERIALES
C33: DESCRIPCIÓN | K33: UNIDAD | L33: CANTIDAD | M33: PRECIO UNIT. | O33: Vr. UNITARIO
C34: LLAVE PARA LAVAMANOS/LAVAPLATOS TIPO CUELLO DE GANSO | K34: UND | L34: 1 | M34: 64900 | O34: =ROUND(L34*M34,2) -> 64900
C35: KIT DE DESAGUE LAVAMANOS (SIFÓN, CANASTILLA, MANGUERAS DE CONEXION) | K35: UND | L35: 1 | M35: 32900 | O35: =ROUND(L35*M35,2) -> 32900
O39: =ROUND(L39*M39,2) -> 0
C40: SUBTOTAL $ | O40: =+SUM(O34:O39) -> 97800
C41: III. TRANSPORTES
C44: MATERIAL | J44: VOL. o PESO | K44: DISTANCIA | L44: M3 o Ton/Km | M44: TARIFA | O44: Vr. UNITARIO
O45: =ROUND(L45*M45,2) -> 0
C47: SUBTOTAL $ | O47: =+SUM(O45:O46) -> 0
C48: IV. MANO DE OBRA
C51: TRABAJADOR | J51: UNIDAD | K51: - | L51: VR. UNITARIO | M51: RENDIMIENTO | O51: Vr. UNITARIO
C52: CUADRILLA DE INSTALACIONES (BB) | J52: HC | L52: 35069.63 | M52: 1 | O52: =+L52*M52 -> 35069.63
C56: SUBTOTAL $ | O56: =+SUM(O52:O55) -> 35069.63
C58: TOTAL COSTO DIRECTO $ | O58: =ROUNDDOWN(+O56+O47+O40+O29,0) -> 134623
C59: FACTOR INCREMENTO POR DISTANCIA (2%)
C60: TOTAL COSTO DIRECTO + F.I.D $
C61: V. COSTOS INDIRECTOS
C64: Descripción | L64: Porcentaje | M64: Valor Total
C65: ADMINISTRACION | L65: 0.24
C66: IMPREVISTOS | L66: 0.01
C67: UTILIDAD | L67: 0.05
C68: SUBTOTAL $ | O68: =+SUM(O65:O67) -> 0
C70: Precio Unitario Total Aproximado al peso $ | O70: -
H72: Firma
H73: Nombre:
H74: Representante legal del Contratista o su apoderado
H75: Matricula:
C77: OBSERVACIONES INTERVENTORÍA/SUPERVISIÓN | H77: RESOLUCIÓN 050 GOBERNACIÓN DE BOYACÁ ÍTEM 2.12.183
C81: APROBACIÓN POR INTERVENTORÍA/SUPERVISIÓN
C82: Nota 1: Cuando se trate de análisis de Precios Unitarios correspondientes a ítems de la propuesta económica aprobada, el Interventor aprueba el desglose de los componentes manteniendo el mismo Precio Unitario de cada ítem, cumpliendo con las especificaciones de construcción vigentes para el proyecto.
C84: Nota 2: Cuando se trate de análisis de Precios Unitarios de ítems no previstos, el Interventor aprueba el desglose y Precio Unitario de cada ítem no previsto, exigiendo la aplicación de los costos correspondientes a insumos y tarifas de la propuesta económica inicial cuando estén contemplados, cumpliendo con las especificaciones de construcción vigente para el proyecto.
H87: Firma
H88: Nombre:
H89: Representante legal del Supervisor o su apoderado
H90: Matricula :

Sheet Hoja4
D4: MUNICIPIO DE CÓMBITA
L5: VERSIÓN | M5: 1
D6: SAMC-004-2026
L7: PÁGINA | M7: 1 | N7: DE | O7: 1
D9: ANÁLISIS DE PRECIOS UNITARIOS
L11: FECHA | M11: DD | N11: MM | O11: AA
C13: ÍTEMS DE LA PROPUESTA ECONÓMICA | I13: ÍTEMS NO PREVISTOS | K13: X
C17: DATOS ESPECÍFICOS
C19: ÍTEM | D19: DESCRIPCIÓN | M19: UNIDAD | O19: CANTIDAD
C20: NP10 | D20: SUMINISTRO E INSTALACIÓN DE ESMALTE LÁMINA LINEAL 3 MANOS | M20: ml
C21: I. EQUIPO
C24: DESCRIPCIÓN | H24: MARCA | J24: TIPO | L24: TARIFA/HORA | M24: RENDIMIENTO | O24: Vr. UNITARIO
C25: Herramienta y Equipo Menor(% M.O) | H25: N/A | J25: N/A | L25: =+O56 -> 5891.6976 | M25: 0.05 | O25: =ROUND(L25*M25,2) -> 294.58
C29: SUBTOTAL $ | O29: =+SUM(O25:O28) -> 294.58
C30: II. MATERIALES
C33: DESCRIPCIÓN | K33: UNIDAD | L33: CANTIDAD | M33: PRECIO UNIT. | O33: Vr. UNITARIO
C34: DISOLVENTE THINER | K34: GL | L34: 0.01 | M34: 30000 | O34: =L34*M34 -> 300
C35: LIJA DE AGUA 150 SÚPER | K35: UND | L35: 0.16 | M35: 3300 | O35: =L35*M35 -> 528
C36: PINTURA ESMALTE SINTETICO TIPO II | K36: GL | L36: 0.015 | M36: 80836.5 | O36: =L36*M36 -> 1212.5475
O39: =ROUND(L39*M39,2) -> 0
C40: SUBTOTAL $ | O40: =+SUM(O34:O39) -> 2040.5475
C41: III. TRANSPORTES
C44: MATERIAL | J44: VOL. o PESO | K44: DISTANCIA | L44: M3 o Ton/Km | M44: TARIFA | O44: Vr. UNITARIO
C47: SUBTOTAL $ | O47: =+SUM(O45:O46) -> 0
C48: IV. MANO DE OBRA
C51: TRABAJADOR | J51: UNIDAD | K51: - | L51: VR. UNITARIO | M51: RENDIMIENTO | O51: Vr. UNITARIO
C52: CUADRILLA DE PINTURAS Y ESTUCOS (CC) | J52: HC | L52: 49097.48 | M52: 0.12 | O52: =+L52*M52 -> 5891.6976
C56: SUBTOTAL $ | O56: =+SUM(O52:O55) -> 5891.6976
C58: TOTAL COSTO DIRECTO $ | O58: =ROUNDDOWN(+O56+O47+O40+O29,0) -> 8226
C59: FACTOR INCREMENTO POR DISTANCIA (2%)
C60: TOTAL COSTO DIRECTO + F.I.D $
C61: V. COSTOS INDIRECTOS
C64: Descripción | L64: Porcentaje | M64: Valor Total
C65: ADMINISTRACION | L65: 0.24
C66: IMPREVISTOS | L66: 0.01
C67: UTILIDAD | L67: 0.05
C68: SUBTOTAL $ | O68: =+SUM(O65:O67) -> 0
C70: Precio Unitario Total Aproximado al peso $ | O70: -
H72: Firma
H73: Nombre:
H74: Representante legal del Contratista o su apoderado
H75: Matricula:
C77: OBSERVACIONES INTERVENTORÍA/SUPERVISIÓN | G77: SE TOMA COMO REFERENCIA EL ÍTEM 2.07.01 DE LA RESOLUCIÓN 050 DE LA GOB.BOYACÁ PARA ESTRUCTURAR ESTE N.P
C81: APROBACIÓN POR INTERVENTORÍA/SUPERVISIÓN
C82: Nota 1: Cuando se trate de análisis de Precios Unitarios correspondientes a ítems de la propuesta económica aprobada, el Interventor aprueba el desglose de los componentes manteniendo el mismo Precio Unitario de cada ítem, cumpliendo con las especificaciones de construcción vigentes para el proyecto.
C84: Nota 2: Cuando se trate de análisis de Precios Unitarios de ítems no previstos, el Interventor aprueba el desglose y Precio Unitario de cada ítem no previsto, exigiendo la aplicación de los costos correspondientes a insumos y tarifas de la propuesta económica inicial cuando estén contemplados, cumpliendo con las especificaciones de construcción vigente para el proyecto.
H87: Firma
H88: Nombre:
H89: Representante legal del Supervisor o su apoderado
H90: Matricula :

Sheet Hoja6
D4: MUNICIPIO DE CÓMBITA
L5: VERSIÓN | M5: 1
D6: SAMC-004-2026
L7: PÁGINA | M7: 1 | N7: DE | O7: 1
D9: ANÁLISIS DE PRECIOS UNITARIOS
L11: FECHA | M11: DD | N11: MM | O11: AA
C13: ÍTEMS DE LA PROPUESTA ECONÓMICA | I13: ÍTEMS NO PREVISTOS | K13: X
C17: DATOS ESPECÍFICOS
C19: ÍTEM | D19: DESCRIPCIÓN | M19: UNIDAD | O19: CANTIDAD
C20: NP12 | D20: SUMINISTRO E INSTALACIÓN DE VINILO TIPO II SOBRE PAÑETE O ESTUCO A DOS MANOS BAJO PLACA | M20: m2
C21: I. EQUIPO
C24: DESCRIPCIÓN | H24: MARCA | J24: TIPO | L24: TARIFA/HORA | M24: RENDIMIENTO | O24: Vr. UNITARIO
C25: Herramienta y Equipo Menor(% M.O) | H25: N/A | J25: N/A | L25: =+O56 -> 6628.1598 | M25: 0.05 | O25: =ROUND(L25*M25,2) -> 331.41
C26: ANDAMIO TUBULAR NORMALIZADO, TIPO MULTIDIRECCIONAL, DE ACERO GALVANIZADO EN CALIENTE, SEGÚN ISO 9001 | H26: N/A | J26: DÍA | L26: 27700 | M26: 0.3 | O26: =ROUND(L26*M26,2) -> 8310
C29: SUBTOTAL $ | O29: =+SUM(O25:O28) -> 8641.41
C30: II. MATERIALES
C33: DESCRIPCIÓN | K33: UNIDAD | L33: CANTIDAD | M33: PRECIO UNIT. | O33: Vr. UNITARIO
C34: PINTURA VINILO TIPO ll | K34: GL | L34: 0.06 | M34: 58292.67 | O34: =L34*M34 -> 3497.5602
O39: =ROUND(L39*M39,2) -> 0
C40: SUBTOTAL $ | O40: =+SUM(O34:O39) -> 3497.5602
C41: III. TRANSPORTES
C44: MATERIAL | J44: VOL. o PESO | K44: DISTANCIA | L44: M3 o Ton/Km | M44: TARIFA | O44: Vr. UNITARIO
C47: SUBTOTAL $ | O47: =+SUM(O45:O46) -> 0
C48: IV. MANO DE OBRA
C51: TRABAJADOR | J51: UNIDAD | K51: - | L51: VR. UNITARIO | M51: RENDIMIENTO | O51: Vr. UNITARIO
C52: CUADRILLA DE PINTURAS Y ESTUCOS (CC) | J52: HC | L52: 49097.48 | M52: 0.135 | O52: =+L52*M52 -> 6628.1598
C56: SUBTOTAL $ | O56: =+SUM(O52:O55) -> 6628.1598
C58: TOTAL COSTO DIRECTO $ | O58: =ROUNDDOWN(+O56+O47+O40+O29,0) -> 18767
C59: FACTOR INCREMENTO POR DISTANCIA (2%)
C60: TOTAL COSTO DIRECTO + F.I.D $
C61: V. COSTOS INDIRECTOS
C64: Descripción | L64: Porcentaje | M64: Valor Total
C65: ADMINISTRACION | L65: 0.24
C66: IMPREVISTOS | L66: 0.01
C67: UTILIDAD | L67: 0.05
C68: SUBTOTAL $ | O68: =+SUM(O65:O67) -> 0
C70: Precio Unitario Total Aproximado al peso $ | O70: -
H72: Firma
H73: Nombre:
H74: Representante legal del Contratista o su apoderado
H75: Matricula:
C77: OBSERVACIONES INTERVENTORÍA/SUPERVISIÓN | H77: ÍTEM 2.07.09 GOBERNACIÓN BOYACÁ RESOLUCIÓN 050
C81: APROBACIÓN POR INTERVENTORÍA/SUPERVISIÓN
C82: Nota 1: Cuando se trate de análisis de Precios Unitarios correspondientes a ítems de la propuesta económica aprobada, el Interventor aprueba el desglose de los componentes manteniendo el mismo Precio Unitario de cada ítem, cumpliendo con las especificaciones de construcción vigentes para el proyecto.
C84: Nota 2: Cuando se trate de análisis de Precios Unitarios de ítems no previstos, el Interventor aprueba el desglose y Precio Unitario de cada ítem no previsto, exigiendo la aplicación de los costos correspondientes a insumos y tarifas de la propuesta económica inicial cuando estén contemplados, cumpliendo con las especificaciones de construcción vigente para el proyecto.
H87: Firma
H88: Nombre:
H89: Representante legal del Supervisor o su apoderado
H90: Matricula :

Sheet ESCUELA EL CARMEN
C3: MEMORIAS DE CANTIDADES
C5: CONTRATISTA | L5: C.C.
C6: SUPERVISOR | E6: ING. RODRIGO FERNEY TORRES GARCÍA | L6: FECHA
C7: OBJETO | L7: N° CONTRATO
C9: NOMBRE DE LA INSTITUCION | E9: ESCUELA EL CARMEN | L9: N° DE USUARIO
H10: CONDICIONES INICIALES
C13: N° ÍTEM | D13: DESCRIPCIÓN | E13: UND | F13: VALOR UNITARIO ÍTEM | G13: UBICACIÓN | H13: LARGO (m) | I13: ANCHO (m) | J13: ALTO (m) | K13: VOLUMEN/ÁREA | L13: TIPO | M13: PESO (KG/ML) | N13: N° DE ELEM. | O13: CANTIDAD | P13: VALOR ($)
C14: 1.2 | D14: DEMOLICIÓN DE MESON EN CONCRETO. (INCLUYE RETIRO Y ACARREO LIBRE HASTA 5 KM.) | E14: M2 | F14: 36956 | G14: MESÓN EXISTENTE | H14: 3.52 | I14: 0.6 | K14: =H14*I14 -> 2.112 | N14: 2 | O14: =ROUND(K14*N14,2) -> 4.22 | R14: =+O14*100 - INT(O14*100) -> 0 | S14: =+P17*100 - INT(P17*100) -> 0
H15: 0.75 | I15: 0.6 | K15: =H15*I15 -> 0.45 | N15: 2 | O15: =ROUND(K15*N15,2) -> 0.9 | R15: =+O15*100 - INT(O15*100) -> 0 | S15: =+P18*100 - INT(P18*100) -> 0
H16: 0.85 | I16: 1.2 | K16: =H16*I16 -> 1.02 | N16: 1 | O16: =ROUND(K16*N16,2) -> 1.02 | R16: =+O16*100 - INT(O16*100) -> 0 | S16: =+P19*100 - INT(P19*100) -> 0
O17: =ROUND(SUM(O14:O16),2) -> 6.14 | P17: =ROUND(O17*F14,2) -> 226909.84 | R17: =+O17*100 - INT(O17*100) -> 0 | S17: =+P20*100 - INT(P20*100) -> 0
C18: 4.1 | D18: MESONES EN CONCRETO A = 0.60 M. 17.5 MPa - (2500 PSI) INCLUYE REFUERZO, E = 0.10 M. | E18: m2 | F18: =ROUND(187550.79*1.02,2) -> 191301.81 | G18: COCINA | R18: =+O18*100 - INT(O18*100) -> 0 | S18: =+P21*100 - INT(P21*100) -> 0
G19: PLACA ARRIBA | H19: 2.3 | I19: 0.6 | K19: =H19*I19 -> 1.38 | N19: 1 | O19: =ROUND(K19*N19,2) -> 1.38 | R19: =+O19*100 - INT(O19*100) -> 0 | S19: =+P22*100 - INT(P22*100) -> 0
G20: PLACA ABAJO | H20: 2 | I20: 0.6 | K20: =H20*I20 -> 1.2 | N20: 1 | O20: =ROUND(K20*N20,2) -> 1.2 | R20: =+O20*100 - INT(O20*100) -> 0 | S20: =+P23*100 - INT(P23*100) -> 0
G21: COSTADOS | H21: 0.85 | I21: 0.6 | K21: =H21*I21 -> 0.51 | N21: 3 | O21: =ROUND(K21*N21,2) -> 1.53 | R21: =+O21*100 - INT(O21*100) -> 0 | S21: =+P24*100 - INT(P24*100) -> 0
O22: =SUM(O19:O21) -> 4.11 | P22: =ROUND(O22*F18,2) -> 786250.44 | R22: =+O22*100 - INT(O22*100) -> 0 | S22: =+P25*100 - INT(P25*100) -> 0
C23: 10.2 | D23: SUMINISTRO E INSTALACION DE ENCHAPE PARED EN CERAMICA | E23: m2 | F23: =ROUND(91325.6*1.02,2) -> 93152.11 | G23: MESÓN | R23: =+O23*100 - INT(O23*100) -> 0 | S23: =+P26*100 - INT(P26*100) -> 0
G24: PLACA ARRIBA | H24: 2.3 | I24: 0.6 | K24: =H24*I24 -> 1.38 | N24: 1 | O24: =ROUND(K24*N24,2) -> 1.38 | R24: =+O24*100 - INT(O24*100) -> 0 | S24: =+P27*100 - INT(P27*100) -> 0
G25: PLACA ABAJO | H25: 2 | I25: 0.6 | K25: =H25*I25 -> 1.2 | N25: 1 | O25: =ROUND(K25*N25,2) -> 1.2 | R25: =+O25*100 - INT(O25*100) -> 0 | S25: =+P28*100 - INT(P28*100) -> 0
G26: LAVAPLATOS | H26: 0.5 | I26: 0.35 | K26: =H26*I26 -> 0.175 | N26: -1 | O26: =ROUND(K26*N26,2) -> -0.18 | R26: =+O26*100 - INT(O26*100) -> 0 | S26: =+P29*100 - INT(P29*100) -> 0
G27: COSTADOS | H27: 0.85 | I27: 0.6 | K27: =H27*I27 -> 0.51 | N27: 3 | O27: =ROUND(K27*N27,2) -> 1.53 | R27: =+O27*100 - INT(O27*100) -> 0 | S27: =+P30*100 - INT(P30*100) -> 0
O28: =SUM(O23:O27) -> 3.93 | P28: =ROUND(O28*F23,2) -> 366087.79 | R28: =+O28*100 - INT(O28*100) -> 0 | S28: =+P31*100 - INT(P31*100) -> 0
C29: 10.5 | D29: SUMINISTRO E INSTALACIÓN DE REMATE BOCEL DE ALUMINIO "WIN" | E29: ml | F29: =ROUND(20594.02*1.02,2) -> 21005.9 | G29: MESÓN | H29: =1.71+1.54+0.8+0.39-0.06 -> 4.38 | N29: 1 | O29: =H29*N29 -> 4.38 | P29: =ROUND(O29*F29,2) -> 92005.84 | R29: =+O29*100 - INT(O29*100) -> 0 | S29: =+P32*100 - INT(P32*100) -> 0
C30: NP2 | D30: SUMINISTRO E INSTALACIÓN LAVAPLATOS ACERO INOXIDABLE 0.50 X 0.35 M | E30: Und | F30: =ROUND(159030.31*1.02,2) -> 162210.92 | G30: MESÓN | N30: 1 | O30: =N30 -> 1 | P30: =ROUND(O30*F30,2) -> 162210.92 | R30: =+O30*100 - INT(O30*100) -> 0 | S30: =+P33*100 - INT(P33*100) -> 0
C31: NP3 | D31: SUMINISTRO E INSTALACIÓN DE GRIFERÍA COMPLETA CON LLAVE TIPO GANSO | E31: Und | F31: =ROUND(134623.11*1.02,2) -> 137315.57 | G31: MESÓN | N31: 1 | O31: =N31 -> 1 | P31: =ROUND(O31*F31,2) -> 137315.57 | R31: =+O31*100 - INT(O31*100) -> 0 | S31: =+P34*100 - INT(P34*100) -> 0
C32: 6.3 | D32: PUNTO DE DESAGUES D=2" | E32: Und | F32: =ROUND(82624*1.02,2) -> 84276.48 | G32: MESÓN | N32: 1 | O32: =N32 -> 1 | P32: =ROUND(O32*F32,2) -> 84276.48 | R32: =+O32*100 - INT(O32*100) -> 0 | S32: =+P35*100 - INT(P35*100) -> 0
C33: 11.5 | D33: SUMINISTRO E INSTALACIÓN DE VIDRIO CRUDO INCOLORO DE 5.0 MM. | E33: m2 | F33: =ROUND(99369.78*1.02,2) -> 101357.18 | G33: COCINA | H33: 1.4 | I33: 0.84 | K33: =H33*I33 -> 1.176 | N33: 1 | O33: =ROUND(K33*N33,2) -> 1.18 | R33: =+O33*100 - INT(O33*100) -> 0 | S33: =+P36*100 - INT(P36*100) -> 0
G34: COCINA | H34: 0.6 | I34: 0.73 | K34: =H34*I34 -> 0.438 | N34: 1 | O34: =ROUND(K34*N34,2) -> 0.44 | R34: =+O34*100 - INT(O34*100) -> 0 | S34: =+P37*100 - INT(P37*100) -> 0
O35: =SUM(O33:O34) -> 1.62 | P35: =ROUND(O35*F33,2) -> 164198.63 | R35: =+O35*100 - INT(O35*100) -> 0 | S35: =+P38*100 - INT(P38*100) -> 0
C36: NP10 | D36: SUMINISTRO E INSTALACIÓN DE ESMALTE LÁMINA LINEAL 3 MANOS | E36: ml | F36: =ROUND(8226.84*1.02,2) -> 8391.38 | G36: COCINA | R36: =+O36*100 - INT(O36*100) -> 0 | S36: =+P39*100 - INT(P39*100) -> 0
G37: VENTANA 1 | K37: =1.4*4*2 -> 11.2 | N37: 1 | O37: =ROUND(K37*N37,2) -> 11.2 | R37: =+O37*100 - INT(O37*100) -> 0 | S37: =+P40*100 - INT(P40*100) -> 0
G38: PUERTA 1 | K38: =0.76*1.8*2 -> 2.736 | N38: 1 | O38: =ROUND(K38*N38,2) -> 2.74 | R38: =+O38*100 - INT(O38*100) -> 0 | S38: =+P41*100 - INT(P41*100) -> 0
G39: MARCO | K39: =0.76*1.76 -> 1.3376 | N39: 1 | O39: =ROUND(K39*N39,2) -> 1.34 | R39: =+O39*100 - INT(O39*100) -> 0 | S39: =+P42*100 - INT(P42*100) -> 0
G40: PUERTA 2 | K40: =0.87*1.73 -> 1.5051 | N40: 1 | O40: =ROUND(K40*N40,2) -> 1.51 | R40: =+O40*100 - INT(O40*100) -> 0 | S40: =+P43*100 - INT(P43*100) -> 0
G41: MARCO | K41: =0.7*0.77 -> 0.539 | N41: 1 | O41: =ROUND(K41*N41,2) -> 0.54 | R41: =+O41*100 - INT(O41*100) -> 0 | S41: =+P44*100 - INT(P44*100) -> 0
O42: =SUM(O36:O41) -> 17.33 | P42: =ROUND(O42*F36,2) -> 145422.62 | R42: =+O42*100 - INT(O42*100) -> 0 | S42: =+P45*100 - INT(P45*100) -> 0
C43: TOTAL DE MEJORAMIENTO | P43: =ROUND(SUM(P15:P42)*1.3,0) -> 2814082 | R43: =+O43*100 - INT(O43*100) -> 0 | S43: =+P46*100 - INT(P46*100) -> 0
C46: SUPERVISOR | I46: CONTRATISTA
C47: NOMBRE | D47: ING. RODRIGO FERNEY TORRES GARCÍA | I47: NOMBRE
C48: FIRMA | I48: FIRMA

Sheet ESCUELA DE SAN FRANCISCO
C3: MEMORIAS DE CANTIDADES
C5: CONTRATISTA | L5: C.C.
C6: SUPERVISOR | E6: ING. RODRIGO FERNEY TORRES GARCÍA | L6: FECHA
C7: OBJETO | L7: N° CONTRATO
C9: NOMBRE DE LA INSTITUCION | E9: ESCUELA DE SAN FRANCISCO | L9: N° DE USUARIO
H10: CONDICIONES INICIALES
C13: N° ÍTEM | D13: DESCRIPCIÓN | E13: UND | F13: VALOR UNITARIO ÍTEM | G13: UBICACIÓN | H13: LARGO (m) | I13: ANCHO (m) | J13: ALTO (m) | K13: VOLUMEN/ÁREA | L13: TIPO | M13: PESO (KG/ML) | N13: N° DE ELEM. | O13: CANTIDAD | P13: VALOR ($)
C14: NP12 | D14: SUMINISTRO E INSTALACIÓN DE VINILO TIPO II SOBRE PAÑETE O ESTUCO A DOS MANOS BAJO PLACA | E14: m2 | F14: =ROUND(18767.13*1.02,2) -> 19142.47 | G14: COMEDOR | H14: 6.15 | I14: 7.1 | K14: =H14*I14 -> 43.665 | N14: 1 | O14: =ROUND(K14*N14,2) -> 43.67 | R14: =+O14*100 - INT(O14*100) -> 0 | S14: =+P16*100 - INT(P16*100) -> 0
G15: COCINA | H15: 3.95 | I15: 2.1 | K15: =H15*I15 -> 8.295 | N15: 1 | O15: =ROUND(K15*N15,2) -> 8.3 | R15: =+O15*100 - INT(O15*100) -> 0 | S15: =+P17*100 - INT(P17*100) -> 0
O16: =ROUND(SUM(O14:O15),2) -> 51.97 | P16: =ROUND(O16*F14,2) -> 994834.17 | R16: =+O16*100 - INT(O16*100) -> 0 | S16: =+P18*100 - INT(P18*100) -> 0
C17: 4.11 | D17: VINILO TIPO II SOBRE PAÑETE DOS MANOS EN MUROS | E17: m2 | F17: =ROUND(9941.61*1.02,2) -> 10140.44 | G17: COMEDOR | R17: =+O17*100 - INT(O17*100) -> 0 | S17: =+P19*100 - INT(P19*100) -> 0
G18: GENERAL | H18: 6.15 | I18: 7.1 | J18: 2.37 | K18: =H18*2*J18+2*I18*J18 -> 62.805 | N18: 1 | O18: =ROUND(K18*N18,2) -> 62.81 | R18: =+O18*100 - INT(O18*100) -> 0 | S18: =+P20*100 - INT(P20*100) -> 0
G19: RESTA PUERTA | I19: 0.98 | J19: 2.05 | K19: =I19*J19 -> 2.009 | N19: -1 | O19: =ROUND(K19*N19,2) -> -2.01 | R19: =+O19*100 - INT(O19*100) -> 0 | S19: =+P21*100 - INT(P21*100) -> 0
G20: RESTA VENTANA | H20: 2 | I20: 1.3 | K20: =H20*I20 -> 2.6 | N20: -1 | O20: =ROUND(K20*N20,2) -> -2.6 | R20: =+O20*100 - INT(O20*100) -> 0 | S20: =+P22*100 - INT(P22*100) -> 0
G21: RESTA VENTANA | H21: 2 | I21: 1.3 | K21: =H21*I21 -> 2.6 | N21: -1 | O21: =ROUND(K21*N21,2) -> -2.6 | R21: =+O21*100 - INT(O21*100) -> 0 | S21: =+P23*100 - INT(P23*100) -> 0
G22: COCINA | K22: 30 | N22: 1 | O22: =ROUND(K22*N22,2) -> 30 | R22: =+O22*100 - INT(O22*100) -> 0 | S22: =+P24*100 - INT(P24*100) -> 0
O23: =SUM(O17:O22) -> 85.6 | P23: =ROUND(O23*F17,2) -> 868021.66 | R23: =+O23*100 - INT(O23*100) -> 0 | S23: =+P25*100 - INT(P25*100) -> 0
C24: 4.1 | D24: MESONES EN CONCRETO A = 0.60 M. 17.5 MPa - (2500 PSI) INCLUYE REFUERZO, E = 0.10 M. | E24: m2 | F24: =ROUND(187550.79*1.02,2) -> 191301.81 | G24: COCINA | R24: =+O24*100 - INT(O24*100) -> 0 | S24: =+P26*100 - INT(P26*100) -> 0
G25: PLACA ARRIBA | H25: 2.5 | I25: 0.6 | K25: =H25*I25 -> 1.5 | N25: 1 | O25: =ROUND(K25*N25,2) -> 1.5 | R25: =+O25*100 - INT(O25*100) -> 0 | S25: =+P27*100 - INT(P27*100) -> 0
G26: PLACA ABAJO | H26: 2.2 | I26: 0.6 | K26: =H26*I26 -> 1.32 | N26: 1 | O26: =ROUND(K26*N26,2) -> 1.32 | R26: =+O26*100 - INT(O26*100) -> 0 | S26: =+P28*100 - INT(P28*100) -> 0
G27: COSTADOS | H27: 0.85 | I27: 0.65 | K27: =H27*I27 -> 0.5525 | N27: 3 | O27: =ROUND(K27*N27,2) -> 1.66 | R27: =+O27*100 - INT(O27*100) -> 0 | S27: =+P29*100 - INT(P29*100) -> 0
O28: =SUM(O25:O27) -> 4.48 | P28: =ROUND(O28*F24,2) -> 857032.11 | R28: =+O28*100 - INT(O28*100) -> 0 | S28: =+P30*100 - INT(P30*100) -> 0
C29: 10.2 | D29: SUMINISTRO E INSTALACION DE ENCHAPE PARED EN CERAMICA | E29: m2 | F29: =ROUND(91325.6*1.02,2) -> 93152.11 | G29: MESÓN | R29: =+O29*100 - INT(O29*100) -> 0 | S29: =+P31*100 - INT(P31*100) -> 0
G30: PLACA ARRIBA | H30: 2.5 | I30: 0.6 | K30: =H30*I30 -> 1.5 | N30: 1 | O30: =ROUND(K30*N30,2) -> 1.5 | R30: =+O30*100 - INT(O30*100) -> 0 | S30: =+P32*100 - INT(P32*100) -> 0
G31: PLACA ABAJO | H31: 2.2 | I31: 0.6 | K31: =H31*I31 -> 1.32 | N31: 1 | O31: =ROUND(K31*N31,2) -> 1.32 | R31: =+O31*100 - INT(O31*100) -> 0 | S31: =+P33*100 - INT(P33*100) -> 0
G32: LAVAPLATOS | H32: 0.5 | I32: 0.35 | K32: =H32*I32 -> 0.175 | N32: -1 | O32: =ROUND(K32*N32,2) -> -0.18 | R32: =+O32*100 - INT(O32*100) -> 0 | S32: =+P34*100 - INT(P34*100) -> 0
G33: COSTADOS | H33: 0.85 | I33: 0.65 | K33: =H33*I33 -> 0.5525 | N33: 3 | O33: =ROUND(K33*N33,2) -> 1.66 | R33: =+O33*100 - INT(O33*100) -> 0 | S33: =+P35*100 - INT(P35*100) -> 0
G34: SALPICADERO | H34: 4 | I34: 2.1 | K34: =H34*I34 -> 8.4 | N34: 1 | O34: =ROUND(K34*N34,2) -> 8.4 | R34: =+O34*100 - INT(O34*100) -> 0 | S34: =+P36*100 - INT(P36*100) -> 0
O35: =SUM(O29:O34) -> 12.7 | P35: =ROUND(O35*F29,2) -> 1183031.8 | R35: =+O35*100 - INT(O35*100) -> 0 | S35: =+P37*100 - INT(P37*100) -> 0
C36: 10.5 | D36: SUMINISTRO E INSTALACIÓN DE REMATE BOCEL DE ALUMINIO "WIN" | E36: ml | F36: =ROUND(20594.02*1.02,2) -> 21005.9 | G36: MESÓN | H36: 5.12 | N36: 1 | O36: =H36*N36 -> 5.12 | P36: =ROUND(O36*F36,2) -> 107550.21 | R36: =+O36*100 - INT(O36*100) -> 0 | S36: =+P38*100 - INT(P38*100) -> 0
C37: NP2 | D37: SUMINISTRO E INSTALACIÓN LAVAPLATOS ACERO INOXIDABLE 0.50 X 0.35 M | E37: Und | F37: =ROUND(159030.31*1.02,2) -> 162210.92 | G37: MESÓN | N37: 1 | O37: =N37 -> 1 | P37: =ROUND(O37*F37,2) -> 162210.92 | R37: =+O37*100 - INT(O37*100) -> 0 | S37: =+P39*100 - INT(P39*100) -> 0
C38: NP3 | D38: SUMINISTRO E INSTALACIÓN DE GRIFERÍA COMPLETA CON LLAVE TIPO GANSO | E38: Und | F38: =ROUND(134623.11*1.02,2) -> 137315.57 | G38: MESÓN | N38: 1 | O38: =N38 -> 1 | P38: =ROUND(O38*F38,2) -> 137315.57 | R38: =+O38*100 - INT(O38*100) -> 0 | S38: =+P40*100 - INT(P40*100) -> 0
C39: 6.3 | D39: PUNTO DE DESAGUES D=2" | E39: Und | F39: =ROUND(82624*1.02,2) -> 84276.48 | G39: MESÓN | N39: 1 | O39: =N39 -> 1 | P39: =ROUND(O39*F39,2) -> 84276.48 | R39: =+O39*100 - INT(O39*100) -> 0 | S39: =+P41*100 - INT(P41*100) -> 0
C40: NP10 | D40: SUMINISTRO E INSTALACIÓN DE ESMALTE LÁMINA LINEAL 3 MANOS | E40: ml | F40: =ROUND(8226.84*1.02,2) -> 8391.38 | G40: COMEDOR | R40: =+O40*100 - INT(O40*100) -> 0 | S40: =+P42*100 - INT(P42*100) -> 0
G41: VENTANA 1 | K41: =2*2+1.3*4 -> 9.2 | N41: 2 | O41: =ROUND(K41*N41,2) -> 18.4 | R41: =+O41*100 - INT(O41*100) -> 0 | S41: =+P43*100 - INT(P43*100) -> 0
G42: PUERTA 1 | K42: =0.98+2.05 -> 3.03 | N42: 2 | O42: =ROUND(K42*N42,2) -> 6.06 | R42: =+O42*100 - INT(O42*100) -> 0 | S42: =+P44*100 - INT(P44*100) -> 0
G43: LAMINA | K43: =0.98*2.05 -> 2.009 | N43: 1 | O43: =ROUND(K43*N43,2) -> 2.01 | R43: =+O43*100 - INT(O43*100) -> 0 | S43: =+P45*100 - INT(P45*100) -> 0
G44: PUERTA 2 | K44: =0.8*2+2*2+0.8*2 -> 7.2 | N44: 2 | O44: =ROUND(K44*N44,2) -> 14.4 | R44: =+O44*100 - INT(O44*100) -> 0 | S44: =+P46*100 - INT(P46*100) -> 0
G45: VENTANA 2 | K45: =1.5*2+1*2 -> 5 | N45: 2 | O45: =ROUND(K45*N45,2) -> 10 | R45: =+O45*100 - INT(O45*100) -> 0 | S45: =+P47*100 - INT(P47*100) -> 0
O46: =SUM(O40:O45) -> 50.87 | P46: =ROUND(O46*F40,2) -> 426869.5 | R46: =+O46*100 - INT(O46*100) -> 0 | S46: =+P48*100 - INT(P48*100) -> 0
C47: 9.7 | D47: SUMINISTRO E INSTALACIÓN DE PANEL LED REDONDO DE SOBREPONER DE 24 W | E47: Und | F47: =ROUND(38060.59*1.02,2) -> 38821.8 | G47: COMEDOR | K47: 5 | N47: 1 | O47: =ROUND(K47*N47,2) -> 5 | P47: =ROUND(O47*F47,2) -> 194109 | R47: =+O47*100 - INT(O47*100) -> 0 | S47: =+P49*100 - INT(P49*100) -> 0
C48: 1.6 | D48: EXCAVACIÓN MANUAL EN MATERIAL COMÚN | E48: m3 | F48: =ROUND(70577.63,2) -> 70577.63 | G48: EXCAVACIÓN ZAPATA | H48: 0.6 | I48: 0.6 | J48: 0.6 | K48: =H48*I48*J48 -> 0.216 | N48: 1 | O48: =ROUND(K48*N48,2) -> 0.22 | P48: =ROUND(O48*F48,2) -> 15527.08 | R48: =+O48*100 - INT(O48*100) -> 0 | S48: =+P50*100 - INT(P50*100) -> 0
C49: NP23 | D49: CONCRETO PARA ZAPATA DE 21 Mpa (3000 PSI) + FORMALETA MADERA | E49: m3 | F49: =ROUND(918441.77*1.02,2) -> 936810.61 | G49: ZAPATA | H49: 0.6 | I49: 0.6 | J49: 0.6 | K49: =H49*I49*J49 -> 0.216 | N49: 1 | O49: =ROUND(K49*N49,2) -> 0.22 | P49: =ROUND(O49*F49,2) -> 206098.33 | R49: =+O49*100 - INT(O49*100) -> 0 | S49: =+P51*100 - INT(P51*100) -> 0
C50: 3.2 | D50: COLUMNAS Y PEDESTALES EN CONCRETO DE 21 MPa - (3000 PSI), H < 3.00 M. (FORMALETA MADERA) | E50: M3 | F50: =ROUND(1137084.62*1.02,2) -> 1159826.3 | G50: COLUMNAS FRONTALES | H50: 0.2 | I50: 0.2 | J50: 2.5 | K50: =H50*I50*J50 -> 0.1 | N50: 1 | O50: =ROUND(K50*N50,2) -> 0.1 | P50: =ROUND(O50*F50,2) -> 115982.63 | R50: =+O50*100 - INT(O50*100) -> 0 | S50: =+P52*100 - INT(P52*100) -> 0
C51: NP8 | D51: PLACA MACIZA EN CONCRETO DE 21 MPa - (3000 PSI) E = 0.10 M. | E51: m2 | F51: =ROUND(162748.88*1.02,2) -> 166003.86 | G51: PLACA TANQUE | H51: 1 | I51: 1 | K51: =H51*I51 -> 1 | N51: 1 | O51: =ROUND(K51*N51,2) -> 1 | P51: =ROUND(O51*F51,2) -> 166003.86 | R51: =+O51*100 - INT(O51*100) -> 0 | S51: =+P53*100 - INT(P53*100) -> 0
C52: 2.4 | D52: SUMINISTRO FIGURADA Y AMARRE DE ACERO 60000 PSI 420 Mpa | E52: Kg | F52: =ROUND(7675.05*1.02,2) -> 7828.55 | G52: ZAPATA | H52: 0.55 | L52: 1/2" | M52: 0.998 | N52: 10 | O52: =ROUND(H52*M52*N52,2) -> 5.49 | R52: =+O52*100 - INT(O52*100) -> 0 | S52: =+P54*100 - INT(P54*100) -> 0
G53: COLUMNA | H53: 3.9 | L53: 1/2" | M53: 0.998 | N53: 4 | O53: =ROUND(H53*M53*N53,2) -> 15.57 | R53: =+O53*100 - INT(O53*100) -> 0 | S53: =+P55*100 - INT(P55*100) -> 0
G54: FLEJES COLUMNA | H54: 0.75 | L54: 3/8" | M54: 0.56 | N54: =3.6/0.15 -> 24 | O54: =ROUND(H54*M54*N54,2) -> 10.08 | R54: =+O54*100 - INT(O54*100) -> 0 | S54: =+P56*100 - INT(P56*100) -> 0
G55: ACERO PLACA | H55: 0.95 | L55: 1/2" | M55: 0.998 | N55: 20 | O55: =ROUND(H55*M55*N55,2) -> 18.96 | R55: =+O55*100 - INT(O55*100) -> 0 | S55: =+P57*100 - INT(P57*100) -> 0
O56: =SUM(O52:O55) -> 50.1 | P56: =ROUND(O56*F52,2) -> 392210.36 | R56: =+O56*100 - INT(O56*100) -> 0 | S56: =+P58*100 - INT(P58*100) -> 0
C57: 5.5 | D57: SUMINISTRO E INSTALACIÓN DE TANQUE DE ALMACENAMIENTO DE 500L (INCLUYE CONECTOR DE ENTRADA Y SALIDA)(NO | E57: Und | F57: =ROUND(526509.06*1.02,2) -> 537039.24 | G57: UNIDAD SANITARIA | N57: 1 | O57: =N57 -> 1 | P57: =ROUND(O57*F57,2) -> 537039.24 | R57: =+O57*100 - INT(O57*100) -> 0 | S57: =+P59*100 - INT(P59*100) -> 0
C58: 5.6 | D58: SUMINISTRO E INSTALACIÓN DE VÁLVULA CON FLOTADOR PARA TANQUE ELEVADO 1/2", CON FLOTADOR EN BOLA PLÁSTICA | E58: Und | F58: =ROUND(89118.87*1.02,2) -> 90901.25 | G58: TANQUE | N58: 1 | O58: =N58 -> 1 | P58: =ROUND(O58*F58,2) -> 90901.25 | R58: =+O58*100 - INT(O58*100) -> 0 | S58: =+P60*100 - INT(P60*100) -> 0
C59: 5.1 | D59: SUMINISTRO E INSTALACIÓN DE TUBERÍA PVC DE 1/2" T.P, PARA RED DE SUMINISTRO | E59: ML | F59: =ROUND(7548.65*1.02,2) -> 7699.62 | G59: SUMINISTRO AGUA | H59: 3 | N59: 1 | O59: =ROUND(H59*N59,2) -> 3 | P59: =ROUND(O59*F59,2) -> 23098.86 | R59: =+O59*100 - INT(O59*100) -> 0 | S59: =+P61*100 - INT(P61*100) -> 0
C60: NP24 | D60: SUMINISTRO E INSTALACIÓN DE TUBERÍA PVC DE 1" T.P. PARA RED DE SUMINISTRO | E60: ML | F60: =ROUND(13462.83*1.02,2) -> 13732.09 | G60: DESFOGUE TANQUE | H60: 1 | N60: 1 | O60: =ROUND(H60*N60,2) -> 1 | P60: =ROUND(O60*F60,2) -> 13732.09 | R60: =+O60*100 - INT(O60*100) -> 0 | S60: =+P62*100 - INT(P62*100) -> 0
C61: 5.3 | D61: SUMINISTRO E INSTALACIÓN DE REGISTRO DE BOLA ROSCADO PVC DE 3/4" T.P. | E61: Und | F61: =ROUND(30016.63*1.02,2) -> 30616.96 | N61: 1 | O61: =N61 -> 1 | P61: =ROUND(O61*F61,2) -> 30616.96 | R61: =+O61*100 - INT(O61*100) -> 0 | S61: =+P63*100 - INT(P63*100) -> 0
C62: 4.3 | D62: MURO EN BLOQUE No.5 E=0.12 MTS | E62: m2 | F62: =ROUND(64570.94*1.02,2) -> 65862.36 | G62: MURO | I62: 2.45 | J62: 1.85 | K62: =I62*J62 -> 4.5325 | N62: 1 | O62: =ROUND(N62*K62,2) -> 4.53 | R62: =+O62*100 - INT(O62*100) -> 0 | S62: =+P64*100 - INT(P64*100) -> 0
G63: MURO | I63: 3.95 | J63: 2.1 | K63: =I63*J63 -> 8.295 | N63: 1 | O63: =ROUND(N63*K63,2) -> 8.3 | R63: =+O63*100 - INT(O63*100) -> 0 | S63: =+P65*100 - INT(P65*100) -> 0
G64: RESTAS | I64: 0.8 | J64: 2 | K64: =I64*J64 -> 1.6 | N64: -1 | O64: =ROUND(N64*K64,2) -> -1.6 | R64: =+O64*100 - INT(O64*100) -> 0 | S64: =+P66*100 - INT(P66*100) -> 0
I65: 1.5 | J65: 1 | K65: =I65*J65 -> 1.5 | N65: -1 | O65: =ROUND(N65*K65,2) -> -1.5 | R65: =+O65*100 - INT(O65*100) -> 0 | S65: =+P67*100 - INT(P67*100) -> 0
O66: =SUM(O62:O65) -> 9.73 | P66: =ROUND(O66*F62,2) -> 640840.76 | R66: =+O66*100 - INT(O66*100) -> 0 | S66: =+P68*100 - INT(P68*100) -> 0
C67: 11.1 | D67: SUMINISTRO E INSTALACIÓN DE MARCO EN LÁMINA 0.80 < A < 1.00 M. CAL. 18 INC. (INCLUYE ANTICORROSIVO). | E67: Und | F67: =ROUND(223386.97*1.02,2) -> 227854.71 | N67: 1 | O67: =N67 -> 1 | P67: =ROUND(O67*F67,2) -> 227854.71 | R67: =+O67*100 - INT(O67*100) -> 0 | S67: =+P69*100 - INT(P69*100) -> 0
C68: 11.2 | D68: SUMINISTRO E INSTALACIÓN DE PUERTA EN LÁMINA CAL. 18. (INCLUYE ANTICORROSIVO). (NO INCLUYE CERRADURA). | E68: m2 | F68: =ROUND(265733.32*1.02,2) -> 271047.99 | G68: PUERTA | I68: 0.8 | J68: 2 | K68: =I68*J68 -> 1.6 | N68: 1 | O68: =ROUND(N68*K68,2) -> 1.6 | P68: =ROUND(O68*F68,2) -> 433676.78 | R68: =+O68*100 - INT(O68*100) -> 0 | S68: =+P70*100 - INT(P70*100) -> 0
C69: 11.3 | D69: SUMINSITRO E INSTALACIÓN DE VENTANA EN LÁMINA COLD ROLLED CAL.18 CON VIDRIO. (INCLUYE ANTICORROSIVO). | E69: m2 | F69: =ROUND(277984.97*1.02,2) -> 283544.67 | G69: VENTANA | I69: 1.5 | J69: 1 | K69: =I69*J69 -> 1.5 | N69: 1 | O69: =ROUND(N69*K69,2) -> 1.5 | P69: =ROUND(O69*F69,2) -> 425317.01 | R69: =+O69*100 - INT(O69*100) -> 0 | S69: =+P71*100 - INT(P71*100) -> 0
C70: 11.4 | D70: SUMINISTRO E INSTALACIÓN DE CERRADURA DOBLE CILINDRO TIPO YALE 105 O SIMILAR | E70: Und | F70: =ROUND(138036.63*1.02,2) -> 140797.36 | G70: PUERTA | N70: 1 | O70: =N70 -> 1 | P70: =ROUND(O70*F70,2) -> 140797.36 | R70: =+O70*100 - INT(O70*100) -> 0 | S70: =+P72*100 - INT(P72*100) -> 0
C71: 4.7 | D71: PAÑETE LISO MUROS 1:4 | E71: m2 | F71: =ROUND(35818.47*1.02,2) -> 36534.84 | G71: MURO | I71: 2.45 | J71: 1.85 | K71: =I71*J71 -> 4.5325 | N71: 1 | O71: =ROUND(N71*K71,2) -> 4.53 | R71: =+O71*100 - INT(O71*100) -> 0 | S71: =+P73*100 - INT(P73*100) -> 0
G72: MURO | I72: 3.95 | J72: 2.1 | K72: =I72*J72 -> 8.295 | N72: 1 | O72: =ROUND(N72*K72,2) -> 8.3 | R72: =+O72*100 - INT(O72*100) -> 0 | S72: =+P74*100 - INT(P74*100) -> 0
G73: RESTAS | I73: 0.8 | J73: 2 | K73: =I73*J73 -> 1.6 | N73: -1 | O73: =ROUND(N73*K73,2) -> -1.6 | R73: =+O73*100 - INT(O73*100) -> 0 | S73: =+P75*100 - INT(P75*100) -> 0
I74: 1.5 | J74: 1 | K74: =I74*J74 -> 1.5 | N74: -1 | O74: =ROUND(N74*K74,2) -> -1.5 | R74: =+O74*100 - INT(O74*100) -> 0 | S74: =+P76*100 - INT(P76*100) -> 0
G75: GABINETE CILINDRO | I75: 1.6 | J75: 1.4 | K75: =I75*J75 -> 2.24 | N75: 1 | O75: =ROUND(N75*K75,2) -> 2.24 | R75: =+O75*100 - INT(O75*100) -> 0 | S75: =+P77*100 - INT(P77*100) -> 0
O76: =SUM(O71:O75) -> 11.97 | P76: =ROUND(O76*F71,2) -> 437322.03 | R76: =+O76*100 - INT(O76*100) -> 0 | S76: =+P78*100 - INT(P78*100) -> 0
C77: 5.2 | D77: SUMINISTRO E INSTALACIÓN DE SALIDA DE AGUA FRÍA EN TUBERÍA PVC DE 1/2" T.P. (PUNTO HIDRAULICO 1/2") | E77: Und | F77: =ROUND(112409.98*1.02,2) -> 114658.18 | G77: MESON | N77: 1 | O77: =N77 -> 1 | P77: =ROUND(O77*F77,2) -> 114658.18 | R77: =+O77*100 - INT(O77*100) -> 0 | S77: =+P79*100 - INT(P79*100) -> 0
C78: 9.3 | D78: SUMINISTRO E INSTALACIÓN DE SALIDA COMPLETA PARA INTERRUPTOR SENCILLO EN CALIBRE 12 AWG Y DUCTO PVC 1/2 " (INCLUYE APARATO) | E78: Und | F78: =ROUND(99367.51*1.02,2) -> 101354.86 | G78: COCINA | N78: 1 | O78: =N78 -> 1 | P78: =ROUND(O78*F78,2) -> 101354.86 | R78: =+O78*100 - INT(O78*100) -> 0 | S78: =+P80*100 - INT(P80*100) -> 0
C79: 9.2 | D79: SUMINISTRO E INSTALACIÓN DE SALIDA COMPLETA PARA TOMACORRIENTE MONOFÁSICO TIPO GFCI, EN CALIBRE 12 AWG (F, N, T) Y DUCTO PVC DE 1/2". (INCLUYE APARATO). | E79: Und | F79: =ROUND(170016.03*1.02,2) -> 173416.35 | G79: COCINA | N79: 2 | O79: =N79 -> 2 | P79: =ROUND(O79*F79,2) -> 346832.7 | R79: =+O79*100 - INT(O79*100) -> 0 | S79: =+P81*100 - INT(P81*100) -> 0
C80: 7.2 | D80: PLACA BASE EN CONCRETO E=8 CM 2500 PSI | E80: m2 | F80: =ROUND(74483.79*1.02,2) -> 75973.47 | R80: =+O80*100 - INT(O80*100) -> 0 | S80: =+P82*100 - INT(P82*100) -> 0
G81: GABINETE CILINDRO | H81: 1.5 | I81: 1.5 | K81: =H81*I81 -> 2.25 | N81: 2 | O81: =ROUND(K81*N81,2) -> 4.5 | R81: =+O81*100 - INT(O81*100) -> 0 | S81: =+P83*100 - INT(P83*100) -> 0
O82: =ROUND(SUM(O80:O81),2) -> 4.5 | P82: =ROUND(O82*F80,2) -> 341880.62 | R82: =+O82*100 - INT(O82*100) -> 0 | S82: =+P84*100 - INT(P84*100) -> 0
C83: 7.4 | D83: SUMINISTRO E INSTALACIÓN DE MALLA ELECTROSOLDADA | E83: Kg | F83: =ROUND(7423.82*1.02,2) -> 7572.3 | R83: =+O83*100 - INT(O83*100) -> 0 | S83: =+P85*100 - INT(P85*100) -> 0
G84: GABINETE CILINDRO | R84: =+O84*100 - INT(O84*100) -> 0 | S84: =+P86*100 - INT(P86*100) -> 0
G85: GENERAL | H85: 1.5 | I85: 1.5 | K85: =H85*I85 -> 2.25 | L85: #5 15*15 CM | M85: 2.06 | N85: 1 | O85: =ROUND(K85*M85*N85,2) -> 4.64 | R85: =+O85*100 - INT(O85*100) -> 0 | S85: =+P87*100 - INT(P87*100) -> 0
O86: =ROUND(SUM(O83:O85),2) -> 4.64 | P86: =ROUND(O86*F83,2) -> 35135.47 | R86: =+O86*100 - INT(O86*100) -> 0 | S86: =+P88*100 - INT(P88*100) -> 0
C87: 4.4 | D87: MURO TOLETE COMUN E=0.10 mts. | E87: m2 | F87: =ROUND(81109.52*1.02,2) -> 82731.71 | G87: MUROS DE GABINETE | H87: 1.6 | I87: 0.6 | K87: =H87*I87 -> 0.96 | N87: 1 | O87: =ROUND(K87*N87,2) -> 0.96 | P87: =ROUND(O87*F87,2) -> 79422.44 | R87: =+O87*100 - INT(O87*100) -> 0 | S87: =+P89*100 - INT(P89*100) -> 0
C88: 11.6 | D88: SUMINISTRO E INSTALACIÓN DE REJA TIPO BANCARIA EN VARILLA CUADRADA. ( INCLUYE ANTICORROSIVO). | E88: m2 | F88: =ROUND(163002.5*1.02,2) -> 166262.55 | G88: MUROS DE GABINETE | H88: 1.6 | I88: 0.6 | K88: =H88*I88 -> 0.96 | N88: 1 | O88: =ROUND(K88*N88,2) -> 0.96 | P88: =ROUND(O88*F88,2) -> 159612.05 | R88: =+O88*100 - INT(O88*100) -> 0 | S88: =+P90*100 - INT(P90*100) -> 0
C89: 2.6 | D89: JUEGO MARCO Y TAPA (FUNDIDA) PARA CAJA DE INSPECCION 60X60 CM EN ÁNGULO DE 2 1/2" X 2 1/2" CAL. 3/16" CON MALLA DE REFUERZO EN VARILLA DE 3/8 | E89: Und | F89: =ROUND(662168.46*1.02,2) -> 675411.83 | N89: 1 | O89: =N89 -> 1 | P89: =ROUND(O89*F89,2) -> 675411.83 | R89: =+O89*100 - INT(O89*100) -> 0 | S89: =+P91*100 - INT(P91*100) -> 0
C90: TOTAL DE MEJORAMIENTO | P90: =ROUND(SUM(P16:P89)*1.3,0) -> 13996553 | R90: =+O90*100 - INT(O90*100) -> 0 | S90: =+P92*100 - INT(P92*100) -> 0
C93: SUPERVISOR | I93: CONTRATISTA
C94: NOMBRE | D94: ING. RODRIGO FERNEY TORRES GARCÍA | I94: NOMBRE
C95: FIRMA | I95: FIRMA

Sheet ESCUELA LA ESPERANZA
C3: MEMORIAS DE CANTIDADES
C5: CONTRATISTA | L5: C.C.
C6: SUPERVISOR | E6: ING. RODRIGO FERNEY TORRES GARCÍA | L6: FECHA
C7: OBJETO | L7: N° CONTRATO
C9: NOMBRE DE LA INSTITUCION | E9: ESCUELA LA ESPERANZA | L9: N° DE USUARIO
H10: CONDICIONES INICIALES
C13: N° ÍTEM | D13: DESCRIPCIÓN | E13: UND | F13: VALOR UNITARIO ÍTEM | G13: UBICACIÓN | H13: LARGO (m) | I13: ANCHO (m) | J13: ALTO (m) | K13: VOLUMEN/ÁREA | L13: TIPO | M13: PESO (KG/ML) | N13: N° DE ELEM. | O13: CANTIDAD | P13: VALOR ($)
C14: 10.6 | D14: SUMINISTRO E INSTALACIÓN DE CIELO RASO EN PVC DE 7 MM. | E14: m2 | F14: =ROUND(78024.98*1.02,2) -> 79585.48 | G14: COCINA | H14: 5.5 | I14: 3.65 | K14: =H14*I14 -> 20.075 | N14: 1 | O14: =ROUND(K14*N14,2) -> 20.08 | R14: =+O14*100 - INT(O14*100) -> 0 | S14: =+P18*100 - INT(P18*100) -> 0
G15: COCINA | H15: 2 | I15: 8.1 | K15: =H15*I15 -> 16.2 | N15: 1 | O15: =ROUND(K15*N15,2) -> 16.2 | R15: =+O15*100 - INT(O15*100) -> 0 | S15: =+P19*100 - INT(P19*100) -> 0
G16: CUARTO DE ALIMENTOS | H16: 2.53 | I16: 6 | K16: =H16*I16 -> 15.18 | N16: 1 | O16: =ROUND(K16*N16,2) -> 15.18 | R16: =+O16*100 - INT(O16*100) -> 0 | S16: =+P20*100 - INT(P20*100) -> 0
G17: CUARTO DE GUARDADOS | H17: 2.1 | I17: 2.8 | K17: =H17*I17 -> 5.88 | N17: 1 | O17: =ROUND(K17*N17,2) -> 5.88 | R17: =+O17*100 - INT(O17*100) -> 0 | S17: =+P21*100 - INT(P21*100) -> 0
O18: =ROUND(SUM(O14:O17),2) -> 57.34 | P18: =ROUND(O18*F14,2) -> 4563431.4 | R18: =+O18*100 - INT(O18*100) -> 0 | S18: =+P22*100 - INT(P22*100) -> 0
C19: 4.11 | D19: VINILO TIPO II SOBRE PAÑETE DOS MANOS EN MUROS | E19: m2 | F19: =ROUND(9941.61*1.02,2) -> 10140.44 | G19: COCINA | R19: =+O19*100 - INT(O19*100) -> 0 | S19: =+P23*100 - INT(P23*100) -> 0
G20: GENERAL | H20: 3.55 | I20: 5.56 | J20: 2.5 | K20: =H20*2*J20+2*I20*J20 -> 45.55 | N20: 1 | O20: =ROUND(K20*N20,2) -> 45.55 | R20: =+O20*100 - INT(O20*100) -> 0 | S20: =+P24*100 - INT(P24*100) -> 0
G21: RESTA PUERTA | I21: 0.85 | J21: 2.5 | K21: =I21*J21 -> 2.125 | N21: -1 | O21: =ROUND(K21*N21,2) -> -2.13 | R21: =+O21*100 - INT(O21*100) -> 0 | S21: =+P25*100 - INT(P25*100) -> 0
G22: RESTA VENTANA | H22: 1.95 | I22: 2.5 | K22: =H22*I22 -> 4.875 | N22: -1 | O22: =ROUND(K22*N22,2) -> -4.88 | R22: =+O22*100 - INT(O22*100) -> 0 | S22: =+P26*100 - INT(P26*100) -> 0
G23: RESTA VENTANA | H23: 1.1 | I23: 2.5 | K23: =H23*I23 -> 2.75 | N23: -1 | O23: =ROUND(K23*N23,2) -> -2.75 | R23: =+O23*100 - INT(O23*100) -> 0 | S23: =+P27*100 - INT(P27*100) -> 0
G24: PINTURA | R24: =+O24*100 - INT(O24*100) -> 0 | S24: =+P28*100 - INT(P28*100) -> 0
G25: GENERAL | H25: 14.1 | I25: 7.55 | J25: 2.5 | K25: =H25*2*J25+2*I25*J25 -> 108.25 | N25: 1 | O25: =ROUND(K25*N25,2) -> 108.25 | R25: =+O25*100 - INT(O25*100) -> 0 | S25: =+P29*100 - INT(P29*100) -> 0
G26: RESTA PUERTA | I26: 1.7 | J26: 2.44 | K26: =I26*J26 -> 4.148 | N26: -1 | O26: =ROUND(K26*N26,2) -> -4.15 | R26: =+O26*100 - INT(O26*100) -> 0 | S26: =+P30*100 - INT(P30*100) -> 0
G27: RESTA VENTANA | H27: 3.05 | I27: 1.32 | K27: =H27*I27 -> 4.026 | N27: -5 | O27: =ROUND(K27*N27,2) -> -20.13 | R27: =+O27*100 - INT(O27*100) -> 0 | S27: =+P31*100 - INT(P31*100) -> 0
G28: RESTA VENTANA | H28: 2.04 | I28: 1.32 | K28: =H28*I28 -> 2.6928 | N28: -1 | O28: =ROUND(K28*N28,2) -> -2.69 | R28: =+O28*100 - INT(O28*100) -> 0 | S28: =+P32*100 - INT(P32*100) -> 0
O29: =SUM(O19:O28) -> 117.07 | P29: =ROUND(O29*F19,2) -> 1187141.3 | R29: =+O29*100 - INT(O29*100) -> 0 | S29: =+P33*100 - INT(P33*100) -> 0
C30: 9.8 | D30: SUMINISTRO E INSTALACIÓN DE PANEL LED REDONDO DE INCRUSTAR DE 24 W | E30: Und | F30: =ROUND(42380.79*1.02,2) -> 43228.41 | G30: COCINA | K30: 10 | N30: 1 | O30: =ROUND(K30*N30,2) -> 10 | P30: =ROUND(O30*F30,2) -> 432284.1 | R30: =+O30*100 - INT(O30*100) -> 0 | S30: =+P34*100 - INT(P34*100) -> 0
C31: 1.6 | D31: EXCAVACIÓN MANUAL EN MATERIAL COMÚN | E31: m3 | F31: =ROUND(70577.63,2) -> 70577.63 | G31: EXCAVACIÓN ZAPATA | H31: 0.6 | I31: 0.6 | J31: 0.6 | K31: =H31*I31*J31 -> 0.216 | N31: 1 | O31: =ROUND(K31*N31,2) -> 0.22 | P31: =ROUND(O31*F31,2) -> 15527.08 | R31: =+O31*100 - INT(O31*100) -> 0 | S31: =+P35*100 - INT(P35*100) -> 0
C32: NP23 | D32: CONCRETO PARA ZAPATA DE 21 Mpa (3000 PSI) + FORMALETA MADERA | E32: m3 | F32: =ROUND(918441.77*1.02,2) -> 936810.61 | G32: ZAPATA | H32: 0.6 | I32: 0.6 | J32: 0.6 | K32: =H32*I32*J32 -> 0.216 | N32: 1 | O32: =ROUND(K32*N32,2) -> 0.22 | P32: =ROUND(O32*F32,2) -> 206098.33 | R32: =+O32*100 - INT(O32*100) -> 0 | S32: =+P36*100 - INT(P36*100) -> 0
C33: 3.2 | D33: COLUMNAS Y PEDESTALES EN CONCRETO DE 21 MPa - (3000 PSI), H < 3.00 M. (FORMALETA MADERA) | E33: M3 | F33: =ROUND(1137084.62*1.02,2) -> 1159826.3 | G33: COLUMNAS FRONTALES | H33: 0.2 | I33: 0.2 | J33: 2.5 | K33: =H33*I33*J33 -> 0.1 | N33: 1 | O33: =ROUND(K33*N33,2) -> 0.1 | P33: =ROUND(O33*F33,2) -> 115982.63 | R33: =+O33*100 - INT(O33*100) -> 0 | S33: =+P37*100 - INT(P37*100) -> 0
C34: NP8 | D34: PLACA MACIZA EN CONCRETO DE 21 MPa - (3000 PSI) E = 0.10 M. | E34: m2 | F34: =ROUND(162748.88*1.02,2) -> 166003.86 | G34: PLACA TANQUE | H34: 1 | I34: 1 | K34: =H34*I34 -> 1 | N34: 1 | O34: =ROUND(K34*N34,2) -> 1 | P34: =ROUND(O34*F34,2) -> 166003.86 | R34: =+O34*100 - INT(O34*100) -> 0 | S34: =+P38*100 - INT(P38*100) -> 0
C35: 2.4 | D35: SUMINISTRO FIGURADA Y AMARRE DE ACERO 60000 PSI 420 Mpa | E35: Kg | F35: =ROUND(7675.05*1.02,2) -> 7828.55 | G35: ZAPATA | H35: 0.55 | L35: 1/2" | M35: 0.998 | N35: 10 | O35: =ROUND(H35*M35*N35,2) -> 5.49 | R35: =+O35*100 - INT(O35*100) -> 0 | S35: =+P39*100 - INT(P39*100) -> 0
G36: COLUMNA | H36: 3.9 | L36: 1/2" | M36: 0.998 | N36: 4 | O36: =ROUND(H36*M36*N36,2) -> 15.57 | R36: =+O36*100 - INT(O36*100) -> 0 | S36: =+P40*100 - INT(P40*100) -> 0
G37: FLEJES COLUMNA | H37: 0.75 | L37: 3/8" | M37: 0.56 | N37: =3.6/0.15 -> 24 | O37: =ROUND(H37*M37*N37,2) -> 10.08 | R37: =+O37*100 - INT(O37*100) -> 0 | S37: =+P41*100 - INT(P41*100) -> 0
G38: ACERO PLACA | H38: 0.95 | L38: 1/2" | M38: 0.998 | N38: 20 | O38: =ROUND(H38*M38*N38,2) -> 18.96 | R38: =+O38*100 - INT(O38*100) -> 0 | S38: =+P42*100 - INT(P42*100) -> 0
O39: =SUM(O35:O38) -> 50.1 | P39: =ROUND(O39*F35,2) -> 392210.36 | R39: =+O39*100 - INT(O39*100) -> 0 | S39: =+P43*100 - INT(P43*100) -> 0
C40: 5.7 | D40: SUMINISTRO E INSTALACIÓN DE TANQUE DE ALMACENAMIENTO DE 1000 L (INCLUYE CONECTOR DE ENTRADA Y SALIDA) (NO INCLUYE FLOTADOR) | E40: Und | F40: =ROUND(1000269.67*1.02,2) -> 1020275.1 | G40: UNIDAD SANITARIA | N40: 1 | O40: =N40 -> 1 | P40: =ROUND(O40*F40,2) -> 1020275.1 | R40: =+O40*100 - INT(O40*100) -> 0 | S40: =+P44*100 - INT(P44*100) -> 0
C41: 5.6 | D41: SUMINISTRO E INSTALACIÓN DE VÁLVULA CON FLOTADOR PARA TANQUE ELEVADO 1/2", CON FLOTADOR EN BOLA PLÁSTICA | E41: Und | F41: =ROUND(89118.87*1.02,2) -> 90901.25 | G41: TANQUE | N41: 1 | O41: =N41 -> 1 | P41: =ROUND(O41*F41,2) -> 90901.25 | R41: =+O41*100 - INT(O41*100) -> 0 | S41: =+P46*100 - INT(P46*100) -> 0
C42: 5.1 | D42: SUMINISTRO E INSTALACIÓN DE TUBERÍA PVC DE 1/2" T.P, PARA RED DE SUMINISTRO | E42: ML | F42: =ROUND(7548.65*1.02,2) -> 7699.62 | G42: SUMINISTRO AGUA | H42: 3 | N42: 1 | O42: =ROUND(H42*N42,2) -> 3 | P42: =ROUND(O42*F42,2) -> 23098.86 | R42: =+O42*100 - INT(O42*100) -> 0 | S42: =+P47*100 - INT(P47*100) -> 0
C43: NP24 | D43: SUMINISTRO E INSTALACIÓN DE TUBERÍA PVC DE 1" T.P. PARA RED DE SUMINISTRO | E43: ML | F43: =ROUND(13462.83*1.02,2) -> 13732.09 | G43: DESFOGUE TANQUE | H43: 1 | N43: 1 | O43: =ROUND(H43*N43,2) -> 1 | P43: =ROUND(O43*F43,2) -> 13732.09 | R43: =+O43*100 - INT(O43*100) -> 0 | S43: =+P48*100 - INT(P48*100) -> 0
C44: 5.3 | D44: SUMINISTRO E INSTALACIÓN DE REGISTRO DE BOLA ROSCADO PVC DE 3/4" T.P. | E44: Und | F44: =ROUND(30016.63*1.02,2) -> 30616.96 | N44: 1 | O44: =N44 -> 1 | P44: =ROUND(O44*F44,2) -> 30616.96 | R44: =+O44*100 - INT(O44*100) -> 0 | S44: =+P49*100 - INT(P49*100) -> 0
C45: 8.4 | D45: SUMINISTRO E INSTALACIÓN CUBIERTA EN TEJA FIBROCEMENTO NUMERO 8 | E45: m2 | F45: =ROUND(66602.21*1.02,2) -> 67934.25 | G45: GENERAL | H45: 5.5 | I45: 3.65 | K45: =H45*I45 -> 20.075 | N45: 1 | O45: =ROUND(K45*N45,2) -> 20.08 | P45: =ROUND(O45*F45,2) -> 1364119.7 | R45: =+O45*100 - INT(O45*100) -> 0 | S45: =+P50*100 - INT(P50*100) -> 0
C46: TOTAL DE MEJORAMIENTO | P46: =ROUND(SUM(P18:P45)*1.3,0) -> 12507850 | R46: =+O46*100 - INT(O46*100) -> 0 | S46: =+P51*100 - INT(P51*100) -> 0
C49: SUPERVISOR | I49: CONTRATISTA
C50: NOMBRE | D50: ING. RODRIGO FERNEY TORRES GARCÍA | I50: NOMBRE
C51: FIRMA | I51: FIRMA

Sheet ESCUELA EL ROBLE
C3: MEMORIAS DE CANTIDADES
C5: CONTRATISTA | L5: C.C.
C6: SUPERVISOR | E6: ING. RODRIGO FERNEY TORRES GARCÍA | L6: FECHA
C7: OBJETO | L7: N° CONTRATO
C9: NOMBRE DE LA INSTITUCION | E9: ESCUELA EL ROBLE | L9: N° DE USUARIO
H10: CONDICIONES INICIALES
C13: N° ÍTEM | D13: DESCRIPCIÓN | E13: UND | F13: VALOR UNITARIO ÍTEM | G13: UBICACIÓN | H13: LARGO (m) | I13: ANCHO (m) | J13: ALTO (m) | K13: VOLUMEN/ÁREA | L13: TIPO | M13: PESO (KG/ML) | N13: N° DE ELEM. | O13: CANTIDAD | P13: VALOR ($)
C14: 10.6 | D14: SUMINISTRO E INSTALACIÓN DE CIELO RASO EN PVC DE 7 MM. | E14: m2 | F14: =ROUND(78024.98*1.02,2) -> 79585.48 | G14: SALON 1 | H14: 5.9 | I14: 5.57 | K14: =H14*I14 -> 32.863 | N14: 1 | O14: =ROUND(K14*N14,2) -> 32.86 | R14: =+O14*100 - INT(O14*100) -> 0 | S14: =+P16*100 - INT(P16*100) -> 0
G15: SALON 2 | H15: 4.28 | I15: 5.57 | K15: =H15*I15 -> 23.8396 | N15: 1 | O15: =ROUND(K15*N15,2) -> 23.84 | R15: =+O15*100 - INT(O15*100) -> 0 | S15: =+P17*100 - INT(P17*100) -> 0
O16: =ROUND(SUM(O14:O15),2) -> 56.7 | P16: =ROUND(O16*F14,2) -> 4512496.7 | R16: =+O16*100 - INT(O16*100) -> 0 | S16: =+P18*100 - INT(P18*100) -> 0
C17: 4.11 | D17: VINILO TIPO II SOBRE PAÑETE DOS MANOS EN MUROS | E17: m2 | F17: =ROUND(9941.61*1.02,2) -> 10140.44 | G17: SALON 1 | R17: =+O17*100 - INT(O17*100) -> 0 | S17: =+P19*100 - INT(P19*100) -> 0
G18: GENERAL | H18: 5.9 | I18: 5.57 | J18: 2.05 | K18: =H18*2*J18+2*I18*J18 -> 47.027 | N18: 1 | O18: =ROUND(K18*N18,2) -> 47.03 | R18: =+O18*100 - INT(O18*100) -> 0 | S18: =+P20*100 - INT(P20*100) -> 0
G19: SALON 2 | R19: =+O19*100 - INT(O19*100) -> 0 | S19: =+P21*100 - INT(P21*100) -> 0
G20: GENERAL | H20: 4.28 | I20: 5.57 | J20: 2.05 | K20: =H20*2*J20+2*I20*J20 -> 40.385 | N20: 1 | O20: =ROUND(K20*N20,2) -> 40.39 | R20: =+O20*100 - INT(O20*100) -> 0 | S20: =+P22*100 - INT(P22*100) -> 0
O21: =SUM(O17:O20) -> 87.42 | P21: =ROUND(O21*F17,2) -> 886477.26 | R21: =+O21*100 - INT(O21*100) -> 0 | S21: =+P23*100 - INT(P23*100) -> 0
C22: 10.1 | D22: PISOS EN CERAMICA | E22: m2 | F22: =ROUND(91325.6*1.02,2) -> 93152.11 | G22: SALON 1 | R22: =+O22*100 - INT(O22*100) -> 0 | S22: =+P24*100 - INT(P24*100) -> 0
G23: GENERAL | H23: 5.9 | I23: 5.57 | K23: =H23*I23 -> 32.863 | N23: 1 | O23: =ROUND(K23*N23,2) -> 32.86 | R23: =+O23*100 - INT(O23*100) -> 0 | S23: =+P25*100 - INT(P25*100) -> 0
G24: SALON 2 | R24: =+O24*100 - INT(O24*100) -> 0 | S24: =+P26*100 - INT(P26*100) -> 0
G25: GENERAL | H25: 4.28 | I25: 5.57 | K25: =H25*I25 -> 23.8396 | N25: 1 | O25: =ROUND(K25*N25,2) -> 23.84 | R25: =+O25*100 - INT(O25*100) -> 0 | S25: =+P27*100 - INT(P27*100) -> 0
O26: =SUM(O22:O25) -> 56.7 | P26: =ROUND(O26*F22,2) -> 5281724.6 | R26: =+O26*100 - INT(O26*100) -> 0 | S26: =+P28*100 - INT(P28*100) -> 0
C27: 7.1 | D27: ALISTADO PISO 1:5 E= 4.0 CM. | E27: m2 | F27: =ROUND(33165.57*1.02,2) -> 33828.88 | G27: SALON 1 | R27: =+O27*100 - INT(O27*100) -> 0 | S27: =+P29*100 - INT(P29*100) -> 0
G28: GENERAL | H28: 5.9 | I28: 5.57 | K28: =H28*I28 -> 32.863 | N28: 1 | O28: =ROUND(K28*N28,2) -> 32.86 | R28: =+O28*100 - INT(O28*100) -> 0 | S28: =+P30*100 - INT(P30*100) -> 0
G29: SALON 2 | R29: =+O29*100 - INT(O29*100) -> 0 | S29: =+P31*100 - INT(P31*100) -> 0
G30: GENERAL | H30: 4.28 | I30: 5.57 | K30: =H30*I30 -> 23.8396 | N30: 1 | O30: =ROUND(K30*N30,2) -> 23.84 | R30: =+O30*100 - INT(O30*100) -> 0 | S30: =+P37*100 - INT(P37*100) -> 0
O31: =SUM(O27:O30) -> 56.7 | P31: =ROUND(O31*F27,2) -> 1918097.5 | R31: =+O31*100 - INT(O31*100) -> 0 | S31: =+P38*100 - INT(P38*100) -> 0
C32: NP1 | D32: SUMINISTRO E INSTALACIÓN DE GUARDAESCOBA EN CERÁMICA PARA PISO H= 0.075 m | E32: ml | F32: =ROUND(24013*1.02,2) -> 24493.26 | G32: SALON 1 | R32: =+O32*100 - INT(O32*100) -> 0 | S32: =+P39*100 - INT(P39*100) -> 0
G33: GENERAL | K33: =5.9*2+5.57 -> 17.37 | N33: 1 | O33: =ROUND(K33*N33,2) -> 17.37 | R33: =+O33*100 - INT(O33*100) -> 0 | S33: =+P40*100 - INT(P40*100) -> 0
G34: SALON 2 | R34: =+O34*100 - INT(O34*100) -> 0 | S34: =+P41*100 - INT(P41*100) -> 0
G35: GENERAL | K35: =4.28*2+5.57*2 -> 19.7 | N35: 1 | O35: =ROUND(K35*N35,2) -> 19.7 | R35: =+O35*100 - INT(O35*100) -> 0 | S35: =+P42*100 - INT(P42*100) -> 0
O36: =SUM(O32:O35) -> 37.07 | P36: =ROUND(O36*F32,2) -> 907965.15 | R36: =+O36*100 - INT(O36*100) -> 0 | S36: =+P43*100 - INT(P43*100) -> 0
C37: TOTAL DE MEJORAMIENTO | P37: =ROUND(SUM(P16:P36)*1.3,0) -> 17558790 | R37: =+O37*100 - INT(O37*100) -> 0 | S37: =+P44*100 - INT(P44*100) -> 0
C40: SUPERVISOR | I40: CONTRATISTA
C41: NOMBRE | D41: ING. RODRIGO FERNEY TORRES GARCÍA | I41: NOMBRE
C42: FIRMA | I42: FIRMA

Sheet ESCUELA INTEGRADA MIXTA
C3: MEMORIAS DE CANTIDADES
C5: CONTRATISTA | L5: C.C.
C6: SUPERVISOR | E6: ING. RODRIGO FERNEY TORRES GARCÍA | L6: FECHA
C7: OBJETO | L7: N° CONTRATO
C9: NOMBRE DE LA INSTITUCION | E9: ESCUELA INTEGRADO MIXTA | L9: N° DE USUARIO
H10: CONDICIONES INICIALES
C13: N° ÍTEM | D13: DESCRIPCIÓN | E13: UND | F13: VALOR UNITARIO ÍTEM | G13: UBICACIÓN | H13: LARGO (m) | I13: ANCHO (m) | J13: ALTO (m) | K13: VOLUMEN/ÁREA | L13: TIPO | M13: PESO (KG/ML) | N13: N° DE ELEM. | O13: CANTIDAD | P13: VALOR ($)
C14: 10.1 | D14: PISOS EN CERAMICA | E14: m2 | F14: =ROUND(91325.6*1.02,2) -> 93152.11 | G14: SALON 1 | R14: =+O14*100 - INT(O14*100) -> 0 | S14: =+P16*100 - INT(P16*100) -> 0
G15: GENERAL | H15: 5.9 | I15: 5.57 | K15: =H15*I15 -> 32.863 | N15: 1 | O15: =ROUND(K15*N15,2) -> 32.86 | R15: =+O15*100 - INT(O15*100) -> 0 | S15: =+P17*100 - INT(P17*100) -> 0
G16: SALON 2 | R16: =+O16*100 - INT(O16*100) -> 0 | S16: =+P18*100 - INT(P18*100) -> 0
G17: GENERAL | H17: 4.28 | I17: 5.57 | K17: =H17*I17 -> 23.8396 | N17: 1 | O17: =ROUND(K17*N17,2) -> 23.84 | R17: =+O17*100 - INT(O17*100) -> 0 | S17: =+P19*100 - INT(P19*100) -> 0
O18: =SUM(O14:O17) -> 56.7 | P18: =ROUND(O18*F14,2) -> 5281724.6 | R18: =+O18*100 - INT(O18*100) -> 0 | S18: =+P20*100 - INT(P20*100) -> 0
C19: 7.1 | D19: ALISTADO PISO 1:5 E= 4.0 CM. | E19: m2 | F19: =ROUND(33165.57*1.02,2) -> 33828.88 | G19: SALON 1 | R19: =+O19*100 - INT(O19*100) -> 0 | S19: =+P21*100 - INT(P21*100) -> 0
G20: GENERAL | H20: 5.9 | I20: 5.57 | K20: =H20*I20 -> 32.863 | N20: 1 | O20: =ROUND(K20*N20,2) -> 32.86 | R20: =+O20*100 - INT(O20*100) -> 0 | S20: =+P22*100 - INT(P22*100) -> 0
G21: SALON 2 | R21: =+O21*100 - INT(O21*100) -> 0 | S21: =+P23*100 - INT(P23*100) -> 0
G22: GENERAL | H22: 4.28 | I22: 5.57 | K22: =H22*I22 -> 23.8396 | N22: 1 | O22: =ROUND(K22*N22,2) -> 23.84 | R22: =+O22*100 - INT(O22*100) -> 0 | S22: =+P29*100 - INT(P29*100) -> 0
O23: =SUM(O19:O22) -> 56.7 | P23: =ROUND(O23*F19,2) -> 1918097.5 | R23: =+O23*100 - INT(O23*100) -> 0 | S23: =+P30*100 - INT(P30*100) -> 0
C24: NP1 | D24: SUMINISTRO E INSTALACIÓN DE GUARDAESCOBA EN CERÁMICA PARA PISO H= 0.075 m | E24: ml | F24: =ROUND(24013*1.02,2) -> 24493.26 | G24: SALON 1 | R24: =+O24*100 - INT(O24*100) -> 0 | S24: =+P31*100 - INT(P31*100) -> 0
G25: GENERAL | K25: =5.9*2+5.57 -> 17.37 | N25: 1 | O25: =ROUND(K25*N25,2) -> 17.37 | R25: =+O25*100 - INT(O25*100) -> 0 | S25: =+P32*100 - INT(P32*100) -> 0
G26: SALON 2 | R26: =+O26*100 - INT(O26*100) -> 0 | S26: =+P33*100 - INT(P33*100) -> 0
G27: GENERAL | K27: =4.28*2+5.57*2 -> 19.7 | N27: 1 | O27: =ROUND(K27*N27,2) -> 19.7 | R27: =+O27*100 - INT(O27*100) -> 0 | S27: =+P34*100 - INT(P34*100) -> 0
O28: =SUM(O24:O27) -> 37.07 | P28: =ROUND(O28*F24,2) -> 907965.15 | R28: =+O28*100 - INT(O28*100) -> 0 | S28: =+P35*100 - INT(P35*100) -> 0
C29: TOTAL DE MEJORAMIENTO | P29: =ROUND(SUM(P14:P28)*1.3,0) -> 10540123 | R29: =+O29*100 - INT(O29*100) -> 0 | S29: =+P36*100 - INT(P36*100) -> 0
C32: SUPERVISOR | I32: CONTRATISTA
C33: NOMBRE | D33: ING. RODRIGO FERNEY TORRES GARCÍA | I33: NOMBRE
C34: FIRMA | I34: FIRMA

Sheet COLEGIO SANTA BARBARA 
C3: MEMORIAS DE CANTIDADES
C5: CONTRATISTA | L5: C.C.
C6: SUPERVISOR | E6: ING. RODRIGO FERNEY TORRES GARCÍA | L6: FECHA
C7: OBJETO | L7: N° CONTRATO
C9: NOMBRE DE LA INSTITUCION | E9: COLEGIO SANTA BARBARA | L9: N° DE USUARIO
H10: CONDICIONES INICIALES
C13: N° ÍTEM | D13: DESCRIPCIÓN | E13: UND | F13: VALOR UNITARIO ÍTEM | G13: UBICACIÓN | H13: LARGO (m) | I13: ANCHO (m) | J13: ALTO (m) | K13: VOLUMEN/ÁREA | L13: TIPO | M13: PESO (KG/ML) | N13: N° DE ELEM. | O13: CANTIDAD | P13: VALOR ($)
C14: 1.6 | D14: EXCAVACIÓN MANUAL EN MATERIAL COMÚN | E14: m3 | F14: =ROUND(70577.63,2) -> 70577.63 | G14: EXCAVACIÓN ZAPATA | H14: 0.6 | I14: 0.6 | J14: 0.6 | K14: =H14*I14*J14 -> 0.216 | N14: 1 | O14: =ROUND(K14*N14,2) -> 0.22 | P14: =ROUND(O14*F14,2) -> 15527.08 | R14: =+O14*100 - INT(O14*100) -> 0 | S14: =+P18*100 - INT(P18*100) -> 0
C15: NP23 | D15: CONCRETO PARA ZAPATA DE 21 Mpa (3000 PSI) + FORMALETA MADERA | E15: m3 | F15: =ROUND(918441.77*1.02,2) -> 936810.61 | G15: ZAPATA | H15: 0.6 | I15: 0.6 | J15: 0.6 | K15: =H15*I15*J15 -> 0.216 | N15: 1 | O15: =ROUND(K15*N15,2) -> 0.22 | P15: =ROUND(O15*F15,2) -> 206098.33 | R15: =+O15*100 - INT(O15*100) -> 0 | S15: =+P19*100 - INT(P19*100) -> 0
C16: 3.2 | D16: COLUMNAS Y PEDESTALES EN CONCRETO DE 21 MPa - (3000 PSI), H < 3.00 M. (FORMALETA MADERA) | E16: M3 | F16: =ROUND(1137084.62*1.02,2) -> 1159826.3 | G16: COLUMNAS FRONTALES | H16: 0.2 | I16: 0.2 | J16: 5 | K16: =H16*I16*J16 -> 0.2 | N16: 1 | O16: =ROUND(K16*N16,2) -> 0.2 | P16: =ROUND(O16*F16,2) -> 231965.26 | R16: =+O16*100 - INT(O16*100) -> 0 | S16: =+P20*100 - INT(P20*100) -> 0
C17: NP8 | D17: PLACA MACIZA EN CONCRETO DE 21 MPa - (3000 PSI) E = 0.10 M. | E17: m2 | F17: =ROUND(162748.88*1.02,2) -> 166003.86 | G17: PLACA TANQUE | H17: 1 | I17: 1 | K17: =H17*I17 -> 1 | N17: 1 | O17: =ROUND(K17*N17,2) -> 1 | P17: =ROUND(O17*F17,2) -> 166003.86 | R17: =+O17*100 - INT(O17*100) -> 0 | S17: =+P21*100 - INT(P21*100) -> 0
C18: 2.4 | D18: SUMINISTRO FIGURADA Y AMARRE DE ACERO 60000 PSI 420 Mpa | E18: Kg | F18: =ROUND(7675.05*1.02,2) -> 7828.55 | G18: ZAPATA | H18: 0.55 | L18: 1/2" | M18: 0.998 | N18: 10 | O18: =ROUND(H18*M18*N18,2) -> 5.49 | R18: =+O18*100 - INT(O18*100) -> 0 | S18: =+P22*100 - INT(P22*100) -> 0
G19: COLUMNA | H19: 5 | L19: 1/2" | M19: 0.998 | N19: 4 | O19: =ROUND(H19*M19*N19,2) -> 19.96 | R19: =+O19*100 - INT(O19*100) -> 0 | S19: =+P23*100 - INT(P23*100) -> 0
G20: FLEJES COLUMNA | H20: 0.75 | L20: 3/8" | M20: 0.56 | N20: =3.6/0.15 -> 24 | O20: =ROUND(H20*M20*N20,2) -> 10.08 | R20: =+O20*100 - INT(O20*100) -> 0 | S20: =+P24*100 - INT(P24*100) -> 0
G21: ACERO PLACA | H21: 0.95 | L21: 1/2" | M21: 0.998 | N21: 20 | O21: =ROUND(H21*M21*N21,2) -> 18.96 | R21: =+O21*100 - INT(O21*100) -> 0 | S21: =+P25*100 - INT(P25*100) -> 0
O22: =SUM(O18:O21) -> 54.49 | P22: =ROUND(O22*F18,2) -> 426577.69 | R22: =+O22*100 - INT(O22*100) -> 0 | S22: =+P26*100 - INT(P26*100) -> 0
C23: 5.7 | D23: SUMINISTRO E INSTALACIÓN DE TANQUE DE ALMACENAMIENTO DE 1000 L (INCLUYE CONECTOR DE ENTRADA Y SALIDA) (NO INCLUYE FLOTADOR) | E23: Und | F23: =ROUND(1000269.67*1.02,2) -> 1020275.1 | G23: UNIDAD SANITARIA | N23: 1 | O23: =N23 -> 1 | P23: =ROUND(O23*F23,2) -> 1020275.1 | R23: =+O23*100 - INT(O23*100) -> 0 | S23: =+P27*100 - INT(P27*100) -> 0
C24: 5.6 | D24: SUMINISTRO E INSTALACIÓN DE VÁLVULA CON FLOTADOR PARA TANQUE ELEVADO 1/2", CON FLOTADOR EN BOLA PLÁSTICA | E24: Und | F24: =ROUND(89118.87*1.02,2) -> 90901.25 | G24: TANQUE | N24: 1 | O24: =N24 -> 1 | P24: =ROUND(O24*F24,2) -> 90901.25 | R24: =+O24*100 - INT(O24*100) -> 0 | S24: =+P34*100 - INT(P34*100) -> 0
C25: 5.1 | D25: SUMINISTRO E INSTALACIÓN DE TUBERÍA PVC DE 1/2" T.P, PARA RED DE SUMINISTRO | E25: ML | F25: =ROUND(7548.65*1.02,2) -> 7699.62 | G25: SUMINISTRO AGUA | H25: 6 | N25: 1 | O25: =ROUND(H25*N25,2) -> 6 | P25: =ROUND(O25*F25,2) -> 46197.72 | R25: =+O25*100 - INT(O25*100) -> 0 | S25: =+P35*100 - INT(P35*100) -> 0
C26: NP24 | D26: SUMINISTRO E INSTALACIÓN DE TUBERÍA PVC DE 1" T.P. PARA RED DE SUMINISTRO | E26: ML | F26: =ROUND(13462.83*1.02,2) -> 13732.09 | G26: DESFOGUE TANQUE | H26: 6 | N26: 1 | O26: =ROUND(H26*N26,2) -> 6 | P26: =ROUND(O26*F26,2) -> 82392.54 | R26: =+O26*100 - INT(O26*100) -> 0 | S26: =+P36*100 - INT(P36*100) -> 0
C27: 5.3 | D27: SUMINISTRO E INSTALACIÓN DE REGISTRO DE BOLA ROSCADO PVC DE 3/4" T.P. | E27: Und | F27: =ROUND(30016.63*1.02,2) -> 30616.96 | N27: 1 | O27: =N27 -> 1 | P27: =ROUND(O27*F27,2) -> 30616.96 | R27: =+O27*100 - INT(O27*100) -> 0 | S27: =+P37*100 - INT(P37*100) -> 0
C28: 2.6 | D28: JUEGO MARCO Y TAPA (FUNDIDA) PARA CAJA DE INSPECCION 60X60 CM EN ÁNGULO DE 2 1/2" X 2 1/2" CAL. 3/16" CON MALLA DE REFUERZO EN VARILLA DE 3/8 | E28: Und | F28: =ROUND(662168.46*1.02,2) -> 675411.83 | N28: 1 | O28: =N28 -> 1 | P28: =ROUND(O28*F28,2) -> 675411.83
C29: 6.2 | D29: SUMINISTRO E INSTALACION TUBERIA PVC SANITARIA D= 3" | E29: ML | F29: =ROUND(37310.69*1.02,2) -> 38056.9 | H29: 18 | N29: 1 | O29: =N29*H29 -> 18 | P29: =ROUND(O29*F29,2) -> 685024.2
C30: 6.4 | D30: SUMINISTRO E INSTALACION TUBERIA PVC SANITARIA D= 4" | E30: ML | F30: =ROUND(52061.96*1.02,2) -> 53103.2 | H30: 30 | N30: 1 | O30: =N30*H30 -> 30 | P30: =ROUND(O30*F30,2) -> 1593096
C34: TOTAL DE MEJORAMIENTO | P34: =ROUND(SUM(P14:P33)*1.3,0) -> 6851114 | R34: =+O34*100 - INT(O34*100) -> 0 | S34: =+P39*100 - INT(P39*100) -> 0
C37: SUPERVISOR | I37: CONTRATISTA
C38: NOMBRE | D38: ING. RODRIGO FERNEY TORRES GARCÍA | I38: NOMBRE
C39: FIRMA | I39: FIRMA
